 Dungeon Crawl Stone Soup version 0.18.1-50-g88ac8fd (webtiles) character file.

604052 arnash1 the Slayer (level 27, -2/167 HPs)
             Began as a Gargoyle Berserker on Sept 16, 2017.
             Was an Elder of Trog.
             Splashed by a yellow draconian monk's acid (11 damage)
             ... led by Tiamat
             ... on level 5 of the Realm of Zot.
             The game lasted 00:50:19 (57751 turns).

arnash1 the Slayer (Gargoyle Berserker)            Turns: 57751, Time: 00:50:19

Health: -2/167     AC: 68    Str: 31      XL:     27
Magic:  0/14       EV: 20    Int: 14      God:    Trog [****..]
Gold:   3709       SH:  0    Dex: 13 (14) Spells: 0 memorised, 26 levels left

rFire  . . .     SeeInvis +     A - +9 battleaxe (vamp)
rCold  + . .     Gourm    .     a - +10 plate armour {rC+}
rNeg   + + +     Faith    .     (shield currently unavailable)
rPois  ∞         Spirit   +     B - +2 helmet
rElec  +         Dismiss  .     x - +3 cloak of the Valley of Death {Str+2 Int+4 Dex-4}
rCorr  .         Reflect  .     v - +4 pair of gloves "Taenot" {rN+ Regen+ MP-9 Str+6}
SustAt .         Harm     .     K - +2 pair of boots
MR     ++++.                    g - amulet of guardian spirit
Stlth  ..........               D - +4 ring of protection
                                h - ring of Shadows {Umbra +Inv rN+ SInv}

@: exhausted, flying, regenerating, slowed, wreathed by umbra, very slow,
incredibly resistant to hostile enchantments, extremely unstealthy
A: big wings, deformed body, deterioration 1, frail 1, negative energy
resistance 1, regeneration 1, screaming 1, electricity resistance, unbreathing,
petrification resistance, rot immunity, AC +20
a: Stop Flying, Berserk, Trog's Hand, Brothers in Arms, Burn Spellbooks,
Renounce Religion, Evoke Invisibility
}: 3/15 runes: barnacled, silver, gossamer


You were on level 5 of the Realm of Zot.
You worshipped Trog.
Trog was greatly pleased with you.
You were full.

You visited 8 branches of the dungeon, and saw 48 of its levels.
You visited the Abyss 1 time.

You collected 8643 gold pieces.
You spent 4934 gold pieces at shops.


Innate Abilities, Weirdness & Mutations

You are resistant to torment.
Your stone body is resilient (AC +20).
You are immune to poison.
Your large and strong wings let you fly indefinitely.
You resist negative energy.
You are resistant to electric shocks.
You can survive without breathing.
You are immune to petrification.
You are immune to rotting.
Armour fits poorly on your strangely shaped body.
Your body sometimes deteriorates upon taking damage.
You are frail (-10% HP).
Your natural rate of healing is unusually fast.
You occasionally shout uncontrollably at your foes.


   Skills:
 - Level 22.5 Fighting
 + Level 22.2 Axes
 - Level 22.3 Armour
 + Level 22.3 Dodging


You had 26 spell levels left.
You didn't know any spells.

Inventory:

Hand Weapons
 o - the +8 broad axe of Bodily Harmony {elec, rElec rF+++ rC- Dex+2}
   (Trog gifted it to you on level 1 of the Orcish Mines)

   Occasionally, upon striking a foe, it will discharge some electrical energy
   and cause terrible harm.
   It affects your dexterity (+2).
   It renders you almost immune to fire.
   It makes you vulnerable to cold.
   It insulates you from electricity.
 A - a +9 vampiric battleaxe (weapon)
Armour
 a - a +10 plate armour of cold resistance (worn)
 v - the +4 pair of gloves "Taenot" (worn) {rN+ Regen+ MP-9 Str+6}
   (You bought it in a shop on level 4 of the Vaults)

   It affects your strength (+6).
   It protects you from negative energy.
   It affects your magic capacity (-9).
   It increases your rate of regeneration.
 x - the +3 cloak of the Valley of Death (worn) {Str+2 Int+4 Dex-4}
   (You found it on level 2 of the Depths)

   It affects your strength (+2).
   It affects your intelligence (+4).
   It affects your dexterity (-4).
 B - a +2 helmet (worn)
 K - a +2 pair of boots (worn)
Jewellery
 g - an amulet of guardian spirit (around neck)
 h - the ring of Shadows (left hand) {Umbra +Inv rN+ SInv}
   (You took it off a draconian monk on level 5 of the Depths)

   [ring of positive energy]

   It protects you from negative energy.
   It lets you see invisible.
   It lets you turn invisible.
 p - a +1 ring of evasion
 t - an uncursed ring of fire
 u - the ring "Cyseus" {Ice rPois Str+3}
   (You found it on level 5 of the Vaults)

   [ring of ice]

   It enhances your ice magic, and weakens your fire magic.
   It affects your strength (+3).
   It makes you vulnerable to fire.
   It protects you from cold.
   It protects you from poison.
 w - an uncursed amulet of regeneration
 y - an uncursed ring of protection from magic
 D - a +4 ring of protection (right hand)
 F - an uncursed ring of ice
 Y - an uncursed ring of see invisible
Wands
 q - a wand of digging (8/24)
 I - a wand of teleportation (3/9)
Scrolls
 d - 26 scrolls of remove curse
 j - 34 scrolls of identify
 l - 4 scrolls of enchant armour
 m - 6 scrolls of teleportation
 G - 2 scrolls of holy word
 M - a scroll of enchant weapon
Potions
 i - 7 potions of haste
 k - 9 potions of might
 n - 3 potions of resistance
 r - 12 potions of curing
 E - 2 potions of cure mutation
 J - a potion of heal wounds
Comestibles
 b - 32 bread rations
 c - 7 chunks of flesh
 e - 8 fruits
 f - 26 meat rations
 H - 3 royal jellies

Dungeon Overview and Level Annotations

Branches:
Dungeon (15/15)            Temple (0/1) D:7            Lair (8/8) D:8
 Shoals (4/4) Lair:3       Spider (4/4) Lair:5        Slime (0/6) Lair:8
    Orc (2/2) D:11            Elf (0/3) Orc:2        Vaults (5/5) D:13
  Crypt (0/3) Vaults:3     Depths (5/5) D:15            Zot (5/5) Depths:5

Altars:
Ashenzari
Dithmenos
Gozag
Nemelex Xobeh
Okawaru
Ru
Trog
Xom
Beogh

Shops:
D:4 (   D:6 }   D:8 [   D:9 :%   D:15 *   Orc:1 *   Orc:2 **}*   Vaults:2 :
Vaults:3 =   Vaults:4 ([(

Portals:
Hell: Depths:1 Depths:2 Depths:3 Depths:4 Depths:5
Abyss: Depths:1 Depths:4 Depths:5
Pandemonium: Depths:3 Depths:5
Ziggurat: Depths:3
Trove: Depths:5 (give 19 scrolls of identify)

Annotations:
Zot:5 Tiamat


Message History

The red draconian is lightly wounded.
You hit the Killer Klown but do no damage.
The Killer Klown is lightly wounded.
You slash the Orb Guardian!
The Orb Guardian is moderately wounded.
Your surroundings suddenly seem different.
A white draconian comes into view.
It is wielding a scimitar of holy wrath.
The white draconian roars!
The orb of fire glows bright magenta.
The fireball explodes!
The fireball engulfs you!
The fireball engulfs the orb of fire.
The orb of fire completely resists.
You hear a roar!
The orb of fire glows yellow.
The fireball explodes!
The fireball engulfs you!
Ouch! That really hurt!
The fireball engulfs the orb of fire.
The orb of fire completely resists.
A yellow draconian monk comes into view.
The yellow draconian monk spits acid at you.
The splash of acid hits you!
The acid burns!
You die...

##....q############
##......d.q...d*4X^.
##.............4*.##.
##.............4.qLd##
#..........8.....p8..#
#.............%......#
#..........(..q......#
#....@*..............#
#.............^......#
#....................#
##...........
##..........
##......... ##########


You could see an orb of fire, an electric golem, a yellow draconian monk, a
white draconian and a black draconian shifter.

Vanquished Creatures
  An orb of fire (Zot:5)
  An ancient lich (Zot:5)
  Margery (Depths:2)
  Saint Roka (Orc:2)
  A curse toe (Zot:3)
  A shard shrike (Zot:2)
  7 caustic shrikes (Depths:2)
  5 golden dragons
  Arachne (Spider:2)
  A bone dragon (Depths:4)
  2 electric golems
  14 tentacled monstrosities
  4 liches
  9 Orb Guardians (Zot:5)
  A quicksilver dragon (Depths:4)
  Gastronok (D:11)
  4 titans (Vaults:5)
  7 death cobs
  An ancient champion (Vaults:3)
  A kraken (Shoals:3)
  An eldritch tentacle (Depths:4)
  4 sphinxes
  5 tengu reavers
  7 storm dragons
  6 shadow dragons
  A shadow dragon (shapeshifter) (Depths:4)
  A revenant (Vaults:3)
  Ilsuiw (Shoals:4)
  5 draconian monks
  8 frost giants
  4 draconian knights
  2 deep elf sorcerers
  5 ghost moths (Spider:4)
  3 orc warlords
  A ghost moth (shapeshifter) (D:15)
  Donald (Shoals:4)
  11 fire giants
  6 draconian scorchers
  8 emperor scorpions
  A caustic shrike zombie (Depths:2)
  21 vault wardens
  3 draconian zealots
  A ghoul (Vaults:4)
  An iron dragon (Vaults:5)
  Aizul (Spider:2)
  21 ironheart preservers
  2 spriggan defenders (Depths:2)
  5 draconian shifters
  10 draconian annihilators
  A deep elf elementalist (Vaults:5)
  A juggernaut skeleton (Depths:2)
  A caustic shrike skeleton (Depths:4)
  6 draconian callers
  31 very ugly things
  16 green draconians
  18 stone giants
  5 salamander stormcallers
  2 vampire knights
  5 yellow draconians
  Azrael (Orc:2)
  16 black draconians
  A deep elf demonologist (Vaults:5)
  5 spark wasps
  14 red draconians
  6 deep elf annihilators
  12 white draconians
  7 mottled draconians
  12 purple draconians
  A spark wasp (shapeshifter) (Vaults:4)
  A spectral golden dragon (Depths:4)
  6 merfolk javelineers
  3 deep elf death magi
  15 ettins
  A crystal guardian (Vaults:4)
  35 vault guards
  3 deep elf high priests
  8 merfolk impalers
  14 fire dragons
  A fire dragon (shapeshifter) (Vaults:3)
  13 yaktaur captains
  A hell beast (Depths:3)
  8 rakshasas
  9 great orbs of eyes
  A great orb of eyes (shapeshifter) (Vaults:5)
  10 ice dragons
  7 hydras
  5 entropy weavers
  Erica (Orc:1)
  3 catoblepae (Lair:8)
  2 spriggan air magi (Depths:2)
  4 death knights
  An alligator snapping turtle (Shoals:4)
  4 merfolk avatars
  A spectral iron giant (Depths:4)
  11 centaur warriors
  4 merfolk aquamancers
  A queen ant (Lair:1)
  4 dancing weapons
  5 deep troll shamans
  22 ogre magi
  3 satyrs (Shoals:4)
  2 tengu warriors (Depths:2)
  2 vampire magi
  5 orc high priests (Orc:2)
  7 death yaks
  2 titan zombies
  A shock serpent (Depths:4)
  8 deep troll earth magi
  4 spriggan berserkers (Depths:2)
  A sun demon (Depths:3)
  A shadow wraith (Vaults:3)
  6 deep elf knights
  A fire crab (Lair:7)
  A spectral emperor scorpion (Spider:4)
  A wretched star (Abyss:2)
  9 hell knights (Depths:2)
  2 iron trolls
  2 flayed ghosts
  9 skeletal warriors
  13 deep trolls
  13 sea snakes
  4 swamp dragons (Depths:3)
  2 unseen horrors
  2 death drakes
  8 death scarabs (Spider:4)
  2 hill giants (shapeshifter)
  6 deep elf archers
  6 giant orange brains
  An unseen horror (shapeshifter) (Depths:1)
  9 phantasmal warriors
  2 spectral wolf spiders (Spider:4)
  A spectral iron dragon (Depths:4)
  An orange crystal statue (D:15)
  7 lindwurms (Depths:5)
  2 wolf spider zombies
  3 harpies (shapeshifter)
  9 wizards
  6 harpies (Vaults:2)
  5 necromancers
  7 orb spiders
  19 hill giants
  5 ironbrand convokers
  A stone giant zombie (Orc:1)
  9 manticores
  11 orc knights
  A hornet (shapeshifter) (Vaults:4)
  7 orc sorcerers
  A wolf spider (shapeshifter) (Depths:2)
  21 wolf spiders
  2 fauns (Shoals:3)
  10 griffons
  63 ugly things
  5 hornets
  A sphinx skeleton (Depths:4)
  15 deep elf magi
  4 salamanders (Vaults:5)
  13 cyclopes
  2 shadow dragon skeletons
  An ice statue (Lair:6)
  19 moths of wrath
  22 elephants
  7 sirens
  6 black mambas
  A shock serpent zombie (Abyss:2)
  3 water nymphs
  A naga mage (Depths:4)
  A rust devil (Depths:3)
  14 vault sentinels
  4 gargoyles
  6 rime drakes
  6 spectral redbacks (Spider:4)
  13 demonic crawlers
  2 smoke demons
  A centaur skeleton (D:10)
  25 spiny frogs
  14 freezing wraiths
  12 komodo dragons
  An efreet (Zot:3)
  A human zombie (Vaults:4)
  A yaktaur zombie (Vaults:4)
  5 kobold demonologists
  A rime drake (shapeshifter) (Vaults:2)
  38 yaktaurs
  A redback zombie (Spider:4)
  A yaktaur skeleton (Vaults:4)
  A wind drake (shapeshifter) (Depths:2)
  A queen bee (shapeshifter) (Vaults:3)
  A jumping spider (shapeshifter) (Vaults:2)
  38 merfolk
  2 polar bears
  A tengu conjurer (Depths:2)
  29 jumping spiders
  A golden dragon simulacrum (Depths:4)
  29 two-headed ogres
  A slime creature (shapeshifter) (Vaults:5)
  A shadow dragon simulacrum (Depths:4)
  4 spectral jumping spiders (Spider:4)
  5 trolls
  A raiju (Depths:4)
  Prince Ribbit (D:9)
  An ettin zombie (Vaults:4)
  3 spectral tarantellas (Spider:4)
  A hornet zombie (Spider:4)
  6 boulder beetles
  2 tarantella zombies (Spider:4)
  30 slime creatures
  7 snapping turtles
  3 wind drakes
  14 blink frogs
  A raiju (shapeshifter) (Vaults:2)
  An iron dragon simulacrum (Depths:4)
  4 air elementals (Depths:4)
  A shadow (D:10)
  41 yaks
  3 spriggans
  A hill giant zombie (Orc:1)
  Eustachio (D:5)
  66 redbacks
  3 tarantellas (shapeshifter)
  A spriggan (shapeshifter) (D:15)
  31 tarantellas
  2 wraiths
  2 wyverns
  A redback (shapeshifter) (D:15)
  13 water elementals
  A fire bat (shapeshifter) (Depths:2)
  4 small abominations
  A basilisk (shapeshifter) (Vaults:1)
  21 fire elementals
  A human (shapeshifter) (Depths:2)
  4 basilisks
  A neqoxec (Depths:3)
  A steam dragon (Shoals:3)
  A steam dragon (shapeshifter) (Depths:5)
  18 vampire mosquitoes
  2 hungry ghosts
  10 hippogriffs
  4 mottled dragons
  21 soldier ants
  2 spatial vortices (Depths:4)
  23 wargs
  A swamp worm (Depths:3)
  4 hell hounds (Orc:2)
  12 water moccasins
  22 orc warriors
  12 porcupines
  3 swamp drakes
  10 ice beasts
  2 phantoms
  5 wasps
  A black bear (shapeshifter) (Depths:3)
  A black bear (D:9)
  An eye of draining (D:14)
  A necrophage (D:12)
  61 ogres
  6 sky beasts
  A boggart (shapeshifter) (Vaults:3)
  16 wolves
  9 boggarts
  18 crocodiles
  25 centaurs
  6 big kobolds
  16 giant frogs
  A cyclops zombie (Orc:1)
  2 earth elementals (Depths:4)
  A wyvern skeleton (D:15)
  16 killer bees
  15 wights
  2 electric eels
  A howler monkey (D:6)
  7 crimson imps
  A giant frog zombie (D:6)
  4 centaur zombies
  A quasit (Depths:3)
  2 gnoll shamans
  14 orc wizards
  5 hounds
  3 human simulacra
  4 giant frog skeletons
  33 orc priests
  6 jellies
  3 iron imps (Depths:3)
  Jessica (D:2)
  8 iguanas
  A lightning spire (Depths:4)
  25 worker ants
  30 sheep
  A worker ant zombie (D:5)
  2 howler monkey zombies
  11 gnolls
  6 adders
  72 river rats
  A shadow imp (Depths:3)
  10 white imps
  2 ufetubi (Depths:3)
  An adder zombie (D:6)
  An adder skeleton (D:7)
  4 worms
  3 dart slugs
  11 giant geckos
  98 orcs
  9 giant cockroaches
  8 goblins
  8 hobgoblins
  23 jackals
  21 kobolds
  4 quokkas
  2 ball pythons
  7 bats
  A giant cockroach zombie (D:6)
  6 giant newts
  4 rats
  6 bushes (Depths:3)
  5 fire vortices
  5 fungi
  8 plants
  2 tentacles (Shoals:3)
2379 creatures vanquished.

Vanquished Creatures (collateral kills)
  A caustic shrike (Depths:2)
  2 tentacled monstrosities
  A death cob (Zot:2)
  A draconian knight (Zot:3)
  2 draconian shifters
  2 ironheart preservers
  2 deep elf annihilators
  A spark wasp (Depths:1)
  An ettin (Depths:3)
  Snorg (Lair:5)
  An ice dragon (Zot:4)
  Erolcha (Depths:4)
  4 hydras
  6 death yaks
  3 deep troll shamans
  A deep troll earth mage (Depths:3)
  An iron troll (Depths:1)
  4 deep trolls
  A giant orange brain (shapeshifter) (D:14)
  An ironbrand convoker (Vaults:2)
  2 wolf spiders
  13 orb spiders
  A deep elf mage (Vaults:4)
  A hornet (Spider:4)
  An orc sorcerer (Orc:1)
  A manticore (D:14)
  A rime drake (Lair:8)
  4 yaktaurs
  An ice devil (Lair:6)
  A jumping spider (Spider:2)
  A wind drake (Depths:5)
  A polar bear (Lair:6)
  A blink frog (shapeshifter) (Depths:3)
  2 blink frogs (Lair:7)
  A boulder beetle (Vaults:2)
  5 redbacks
  An air elemental (Depths:4)
  A tarantella (Spider:3)
  3 yaks (Lair:8)
  A fire elemental (Zot:3)
  A hippogriff (Lair:7)
  A porcupine (Lair:3)
  An ice beast (Lair:6)
  4 orc warriors
  An ogre (Vaults:4)
  2 boggarts (Depths:3)
  2 crocodiles
  A giant frog (Lair:7)
  An orc priest (Orc:1)
  A river rat (Lair:7)
  2 white imps (Spider:3)
  3 orcs
  A fungus (Lair:7)
  A plant (Lair:8)
102 creatures vanquished.

Vanquished Creatures (others)
  A storm dragon (Vaults:5)
  A draconian zealot (Zot:4)
  A war gargoyle (Vaults:2)
  A green draconian (Zot:2)
  A vault guard (Vaults:5)
  A merfolk impaler (Shoals:4)
  A death knight (Vaults:3)
  2 yaktaurs
  A vampire mosquito (Vaults:2)
  3 ogres
  5 sheep (Lair:2)
  A white imp (Spider:3)
  3 ball lightnings (Depths:4)
  An orc (Orc:1)
  21 bushes (Depths:3)
  2707 eldritch tentacle segments (Depths:4)
  10 fungi
  6 plants
  4 tentacles (Shoals:3)
2771 creatures vanquished.

Grand Total: 5252 creatures vanquished

Notes
Turn   | Place    | Note
--------------------------------------------------------------
     0 | D:1      | arnash1 the Gargoyle Berserker began the quest for the Orb.
     0 | D:1      | Reached XP level 1. HP: 14/14 MP: 1/1
     0 | D:1      | 0 ||| counter = 12
    94 | D:1      | Reached skill level 3 in Axes
   158 | D:1      | Reached XP level 2. HP: 19/19 MP: 2/2
   394 | D:1      | Reached XP level 3. HP: 20/23 MP: 3/3
   535 | D:1      | Reached ** piety under Trog
   752 | D:1      | 752 ||| INVOKING Berserk.
   875 | D:1      | 875 ||| READING scroll labeled TAILIUH IPTAU.
   876 | D:1      | 876 ||| READING 3 scrolls labeled TOVATI QUOTACK.
   880 | D:1      | 880 ||| READING scroll labeled RADOIH XIOSECO.
   881 | D:1      | 881 ||| DRINKING 2 pink potions.
   949 | D:2      | Found a shadowy altar of Dithmenos.
   988 | D:2      | Noticed Jessica
  1005 | D:2      | HP: 3/23 [Jessica/nerve-wracking pain (10)]
  1006 | D:2      | 1006 ||| INVOKING Berserk.
  1008 | D:2      | Killed Jessica
  1008 | D:2      | Reached XP level 4. HP: 6/28 MP: 4/4
  1326 | D:2      | 1326 ||| INVOKING Berserk.
  1334 | D:2      | 1334 ||| EATING beef jerky.
  2387 | D:2      | Reached XP level 5. HP: 25/32 MP: 5/5
  2437 | D:2      | 2437 ||| UPGRADING to cloak.
  2442 | D:2      | 2442 ||| UPGRADING to chain mail.
  2452 | D:2      | 2452 ||| DROPPING +0 animal skin.
  2757 | D:3      | Reached *** piety under Trog
  3050 | D:3      | 3050 ||| READING scroll labeled VULUSO ESTROLIS.
  3051 | D:3      | 3051 ||| READING scroll labeled IMAONT INWAN.
  3052 | D:3      | 3052 ||| READING scroll labeled PICARE IFIU.
  3053 | D:3      | 3053 ||| DRINKING 2 purple potions.
  3054 | D:3      | 3054 ||| READING 2 scrolls of identify.
  3054 | D:3      | 3054 ||| IDENTIFYING smoky red potion
  3055 | D:3      | 3055 ||| DROPPING potion of cancellation.
  3056 | D:3      | 3056 ||| DROPPING potion of degeneration.
  3078 | D:4      | Found Fatzauk's Antique Weapon Boutique.
  3250 | D:4      | Found a bloodstained altar of Trog.
  3531 | D:4      | Reached XP level 6. HP: 28/37 MP: 6/6
  3793 | D:4      | Reached skill level 6 in Axes
  3983 | D:4      | 3983 ||| READING scroll labeled OPUSHR HUARHOKIRU.
  3984 | D:4      | 3984 ||| READING scroll labeled HIMENO HEOL.
  3985 | D:4      | 3985 ||| DRINKING 2 puce potions.
  3990 | D:4      | 3990 ||| READING 2 scrolls of identify.
  3990 | D:4      | 3990 ||| IDENTIFYING glowing dark potion
  3991 | D:4      | 3991 ||| DROPPING potion of ambrosia.
  3992 | D:4      | 3992 ||| DROPPING potion of berserk rage.
  3993 | D:4      | 3993 ||| DROPPING wand of random effects.
  4073 | D:4      | 4073 ||| EATING royal jelly.
  4088 | D:5      | Entered Level 5 of the Dungeon
  4116 | D:5      | Found a sparkling altar of Nemelex Xobeh.
  4237 | D:5      | Noticed an ice beast
  4241 | D:5      | 4241 ||| INVOKING Berserk.
  4247 | D:5      | Killed an ice beast
  4389 | D:5      | Noticed Eustachio
  4392 | D:5      | 4392 ||| INVOKING Berserk.
  4398 | D:5      | Killed Eustachio
  4398 | D:5      | Reached skill level 3 in Armour
  4398 | D:5      | Reached XP level 7. HP: 41/41 MP: 7/7
  4436 | D:5      | 4436 ||| EATING 3 fruits.
  4694 | D:5      | 4694 ||| INVOKING Berserk.
  5166 | D:5      | Got a transparent plate armour
  5189 | D:5      | 5189 ||| UPGRADING to transparent plate armour.
  5199 | D:5      | Identified the +3 plate armour of Imperfection {rN+ MR+ Slay+2} (You found it on level 5 of the Dungeon)
  5199 | D:5      | 5199 ||| DROPPING +0 chain mail.
  5200 | D:5      | 5200 ||| UPGRADING to small sapphire amulet.
  5201 | D:5      | 5201 ||| READING scroll labeled VUTHUO MAOTUA.
  5202 | D:5      | 5202 ||| DRINKING 2 lumpy yellow potions.
  5203 | D:5      | 5203 ||| DRINKING 2 grey potions.
  5204 | D:5      | 5204 ||| READING 2 scrolls of identify.
  5204 | D:5      | 5204 ||| IDENTIFYING fizzy amethyst potion
  5205 | D:5      | 5205 ||| DROPPING potion of magic.
  5253 | D:6      | 5253 ||| INVOKING Burn Spellbooks.
  5281 | D:6      | Found an iron altar of Okawaru.
  5297 | D:6      | Reached **** piety under Trog
  5476 | D:6      | 5476 ||| INVOKING Berserk.
  5485 | D:6      | Reached XP level 8. HP: 43/48 MP: 4/8
  5589 | D:6      | 5589 ||| INVOKING Berserk.
  5720 | D:6      | 5720 ||| INVOKING Berserk.
  5822 | D:6      | Found Haprehil's Gadget Shoppe.
  5857 | D:6      | Reached skill level 9 in Axes
  6076 | D:6      | 6076 ||| UPGRADING to coral ring.
  6077 | D:6      | 6077 ||| REMOVING ring of ice.
  6113 | D:7      | 6113 ||| INVOKING Berserk.
  6173 | D:7      | 6173 ||| INVOKING Berserk.
  6206 | D:7      | 6206 ||| EATING 2 fruits.
  6266 | D:7      | Found a staircase to the Ecumenical Temple.
  6313 | D:7      | 6313 ||| EATING 5 bread rations.
  6325 | D:7      | 6325 ||| EATING fruit.
  6343 | D:7      | 6343 ||| EATING royal jelly.
  6409 | D:7      | Reached XP level 9. HP: 49/54 MP: 7/9
  6428 | D:7      | 6428 ||| UPGRADING to enchanted battleaxe.
  6429 | D:7      | 6429 ||| DROPPING +0 hand axe.
  6482 | D:7      | 6482 ||| INVOKING Berserk.
  6618 | D:7      | 6618 ||| INVOKING Berserk.
  6862 | D:7      | Found a sacrificial altar of Ru.
  7135 | D:7      | 7135 ||| DRINKING 3 fizzy emerald potions.
  7136 | D:7      | 7136 ||| READING 2 scrolls of identify.
  7136 | D:7      | 7136 ||| IDENTIFYING lumpy black potion
  7137 | D:7      | 7137 ||| DROPPING 2 potions of flight.
  7186 | D:8      | 7186 ||| INVOKING Berserk.
  7310 | D:8      | Found Rabor's Antique Armour Emporium.
  7315 | D:8      | Bought a runed cloak for 99 gold pieces
  7378 | D:8      | 7378 ||| INVOKING Berserk.
  7396 | D:8      | 7396 ||| READING 5 scrolls of teleportation.
  7405 | D:8      | 7405 ||| READING 4 scrolls of teleportation.
  7414 | D:8      | Reached ***** piety under Trog
  7416 | D:8      | 7416 ||| INVOKING Berserk.
  7520 | D:8      | 7520 ||| Invisible monster not found???
  7520 | D:8      | 7520 ||| EATING 2 beef jerkies.
  7575 | D:8      | Reached XP level 10. HP: 52/60 MP: 8/10
  7594 | D:8      | 7594 ||| READING scroll of enchant armour.
  7594 | D:8      | 7594 ||| ENCHANTING +0 cloak.
  7652 | D:8      | Reached skill level 6 in Fighting
  7745 | D:8      | Reached skill level 12 in Axes
  7765 | D:8      | Found a staircase to the Lair.
  7770 | D:8      | 7770 ||| INVOKING Berserk.
  7898 | D:8      | 7898 ||| INVOKING Berserk.
  8007 | D:8      | 8007 ||| UPGRADING to pair of gloves.
  8012 | D:8      | 8012 ||| UPGRADING to runed cloak.
  8022 | D:8      | 8022 ||| DROPPING +1 cloak.
  8023 | D:8      | 8023 ||| READING scroll labeled DUIKAO ICOUTUSHRI.
  8024 | D:8      | 8024 ||| DRINKING 3 yellow potions.
  8025 | D:8      | 8025 ||| READING 2 scrolls of identify.
  8025 | D:8      | 8025 ||| IDENTIFYING cyan potion
  8026 | D:8      | 8026 ||| DROPPING wand of confusion.
  8027 | D:8      | 8027 ||| DROPPING potion of lignification.
  8060 | Lair:1   | Entered Level 1 of the Lair of Beasts
  8060 | Lair:1   | Noticed a spiny frog
  8061 | Lair:1   | 8061 ||| Entered L.
  8064 | Lair:1   | 8064 ||| INVOKING Berserk.
  8067 | Lair:1   | Killed a spiny frog
  8112 | Lair:1   | 8112 ||| EATING beef jerky.
  8188 | Lair:1   | 8188 ||| INVOKING Berserk.
  8309 | Lair:1   | Noticed a spiny frog
  8310 | Lair:1   | 8310 ||| INVOKING Berserk.
  8319 | Lair:1   | Killed a spiny frog
  8368 | Lair:1   | Noticed a black mamba
  8370 | Lair:1   | 8370 ||| INVOKING Berserk.
  8376 | Lair:1   | Killed a black mamba
  8462 | Lair:1   | Noticed an eight-headed hydra
  8463 | Lair:1   | 8463 ||| INVOKING Brothers in Arms.
  8466 | Lair:1   | 8466 ||| INVOKING Berserk.
  8466 | Lair:1   | Killed an eight-headed hydra
  8517 | Lair:1   | Noticed a spiny frog
  8521 | Lair:1   | 8521 ||| INVOKING Berserk.
  8524 | Lair:1   | Killed a spiny frog
  8524 | Lair:1   | Reached XP level 11. HP: 67/67 MP: 11/11
  8789 | Lair:1   | Noticed a queen ant
  8805 | Lair:1   | Killed a queen ant
  9132 | Lair:1   | 9132 ||| INVOKING Berserk.
  9204 | Lair:1   | 9204 ||| INVOKING Berserk.
  9344 | Lair:1   | 9344 ||| INVOKING Berserk.
  9346 | Lair:1   | Reached ****** piety under Trog
  9402 | Lair:1   | 9402 ||| EATING 6 bread rations.
  9610 | Lair:1   | 9610 ||| UPGRADING to pair of glowing gloves.
  9620 | Lair:1   | 9620 ||| DROPPING +0 pair of gloves.
  9621 | Lair:1   | 9621 ||| UPGRADING to pair of boots.
  9672 | Lair:2   | 9672 ||| STAIRDANCE
  9675 | Lair:1   | Reached skill level 15 in Axes
  9701 | Lair:1   | 9701 ||| INVOKING Berserk.
  9992 | Lair:2   | Found a shimmering altar of Xom.
  9995 | Lair:2   | 9995 ||| Stepping ~*~*~tactically~*~*~ (cloud).
 10172 | Lair:2   | 10172 ||| INVOKING Berserk.
 10176 | Lair:2   | Received a gift from Trog
 10245 | Lair:2   | 10245 ||| INVOKING Berserk.
 10251 | Lair:2   | Reached XP level 12. HP: 73/73 MP: 12/12
 10305 | Lair:2   | 10305 ||| EATING 5 bread rations.
 10689 | Lair:2   | 10689 ||| DROPPING wand of iceblast.
 10720 | Lair:3   | 10720 ||| STAIRDANCE
 10739 | Lair:3   | 10739 ||| STAIRDANCE
 10791 | Lair:3   | 10791 ||| STAIRDANCE
 10937 | Lair:3   | 10937 ||| STAIRDANCE
 10951 | Lair:3   | 10951 ||| STAIRDANCE
 11403 | Lair:3   | 11403 ||| INVOKING Burn Spellbooks.
 11443 | Lair:3   | Noticed a seven-headed hydra
 11444 | Lair:3   | 11444 ||| INVOKING Brothers in Arms.
 11446 | Lair:3   | 11446 ||| INVOKING Berserk.
 11457 | Lair:3   | Killed a 16-headed hydra
 11709 | Lair:3   | 11709 ||| Stepping ~*~*~tactically~*~*~ (water).
 12039 | Lair:3   | Found a staircase to the Shoals.
 12400 | Lair:3   | 12400 ||| READING scroll labeled XUSAW ZAEGIWN.
 12401 | Lair:3   | 12401 ||| READING scroll labeled JYEGHA OLLIG.
 12415 | Lair:4   | 12415 ||| STAIRDANCE
 12518 | Lair:4   | Received a gift from Trog
 12583 | Lair:4   | 12583 ||| UPGRADING to glowing broad axe {god gift}.
 12584 | Lair:4   | 12584 ||| UPGRADING to +3 battleaxe.
 12585 | Lair:4   | 12585 ||| DROPPING +0 antimagic broad axe.
 12939 | Lair:4   | Reached XP level 13. HP: 78/79 MP: 13/13
 14132 | Lair:4   | 14132 ||| UPGRADING to pair of runed boots.
 14142 | Lair:4   | 14142 ||| DROPPING +0 pair of boots.
 14143 | Lair:4   | 14143 ||| UPGRADING to small soapstone amulet.
 14145 | Lair:4   | 14145 ||| REMOVING amulet of magic regeneration.
 14146 | Lair:4   | 14146 ||| UPGRADING to amulet of guardian spirit.
 14147 | Lair:4   | 14147 ||| DROPPING amulet of magic regeneration.
 14148 | Lair:4   | 14148 ||| DROPPING wand of lightning.
 14184 | Lair:5   | 14184 ||| STAIRDANCE
 14196 | Lair:5   | 14196 ||| STAIRDANCE
 14207 | Lair:5   | 14207 ||| STAIRDANCE
 14345 | Lair:5   | Noticed Snorg
 14346 | Lair:5   | 14346 ||| INVOKING Brothers in Arms.
 14352 | Lair:5   | 14352 ||| INVOKING Berserk.
 14353 | Lair:5   | Killed Snorg
 14489 | Lair:5   | Reached skill level 9 in Fighting
 14499 | Lair:5   | 14499 ||| INVOKING Berserk.
 14751 | Lair:5   | 14751 ||| INVOKING Burn Spellbooks.
 14785 | Lair:5   | Reached skill level 6 in Armour
 14814 | Lair:5   | Found a hole to the Spider Nest.
 15050 | Lair:5   | 15050 ||| READING scroll labeled KAUMITIABU.
 15051 | Lair:5   | 15051 ||| DROPPING wand of acid.
 15076 | Lair:6   | 15076 ||| STAIRDANCE
 15091 | Lair:6   | 15091 ||| INVOKING Brothers in Arms.
 15095 | Lair:6   | 15095 ||| INVOKING Berserk.
 15160 | Lair:6   | 15160 ||| INVOKING Berserk.
 15220 | Lair:6   | Reached skill level 18 in Axes
 15334 | Lair:6   | 15334 ||| INVOKING Burn Spellbooks.
 15336 | Lair:6   | 15336 ||| INVOKING Brothers in Arms.
 15338 | Lair:6   | 15338 ||| INVOKING Burn Spellbooks.
 15342 | Lair:6   | 15342 ||| INVOKING Brothers in Arms.
 15348 | Lair:6   | 15348 ||| Stepping ~*~*~tactically~*~*~ (water).
 15351 | Lair:6   | 15351 ||| INVOKING Berserk.
 15372 | Lair:6   | 15372 ||| INVOKING Brothers in Arms.
 15408 | Lair:6   | Received a gift from Trog
 15493 | Lair:6   | 15493 ||| INVOKING Brothers in Arms.
 15496 | Lair:6   | 15496 ||| INVOKING Berserk.
 15654 | Lair:6   | 15654 ||| EATING 5 fruits.
 15914 | Lair:6   | 15914 ||| INVOKING Berserk.
 16041 | Lair:6   | 16041 ||| INVOKING Burn Spellbooks.
 16277 | Lair:6   | 16277 ||| UPGRADING to moonstone ring.
 16278 | Lair:6   | 16278 ||| REMOVING ring of fire.
 16279 | Lair:6   | 16279 ||| DRINKING 2 red potions.
 16280 | Lair:6   | 16280 ||| DROPPING potion of brilliance.
 16315 | Lair:7   | 16315 ||| STAIRDANCE
 16324 | Lair:7   | 16324 ||| STAIRDANCE
 16419 | Lair:7   | Gained mutation: Your large and strong wings let you fly indefinitely. [Gargoyle growth]
 16419 | Lair:7   | Reached XP level 14. HP: 79/86 MP: 14/14
 16431 | Lair:7   | 16431 ||| INVOKING Fly.
 16431 | Lair:7   | 16431 ||| FLYING.
 16633 | Lair:7   | Received a gift from Trog
 16638 | Lair:7   | 16638 ||| INVOKING Brothers in Arms.
 16640 | Lair:7   | 16640 ||| INVOKING Berserk.
 16773 | Lair:7   | 16773 ||| INVOKING Brothers in Arms.
 16776 | Lair:7   | 16776 ||| INVOKING Berserk.
 16851 | Lair:7   | 16851 ||| INVOKING Brothers in Arms.
 16854 | Lair:7   | 16854 ||| INVOKING Berserk.
 16952 | Lair:7   | 16952 ||| INVOKING Berserk.
 17340 | Lair:7   | 17340 ||| READING scroll of enchant armour.
 17340 | Lair:7   | 17340 ||| ENCHANTING +1 pair of boots.
 17349 | Lair:7   | 17349 ||| EATING 7 fruits.
 17549 | Lair:7   | 17549 ||| INVOKING Burn Spellbooks.
 17687 | Lair:7   | 17687 ||| READING 4 scrolls of identify.
 17687 | Lair:7   | 17687 ||| IDENTIFYING metallic blue potion
 17688 | Lair:7   | 17688 ||| DROPPING potion of agility.
 17716 | Lair:8   | Entered Level 8 of the Lair of Beasts
 17721 | Lair:8   | 17721 ||| STAIRDANCE
 17735 | Lair:8   | 17735 ||| STAIRDANCE
 18108 | Lair:8   | 18108 ||| INVOKING Berserk.
 18175 | Lair:8   | 18175 ||| INVOKING Brothers in Arms.
 18176 | Lair:8   | 18176 ||| INVOKING Berserk.
 18208 | Lair:8   | 18208 ||| READING 8 scrolls of teleportation.
 18265 | Lair:8   | 18265 ||| INVOKING Brothers in Arms.
 18267 | Lair:8   | 18267 ||| INVOKING Berserk.
 18386 | Lair:8   | 18386 ||| INVOKING Brothers in Arms.
 18390 | Lair:8   | 18390 ||| INVOKING Berserk.
 18467 | Lair:8   | 18467 ||| INVOKING Berserk.
 18546 | Lair:8   | Got a crude hat
 18918 | Lair:8   | 18918 ||| INVOKING Brothers in Arms.
 18921 | Lair:8   | 18921 ||| INVOKING Berserk.
 18927 | Lair:8   | Found a staircase to the Slime Pits.
 19045 | Lair:8   | Reached skill level 3 in Dodging
 19055 | Lair:8   | 19055 ||| INVOKING Brothers in Arms.
 19058 | Lair:8   | 19058 ||| INVOKING Berserk.
 19064 | Lair:8   | Reached XP level 15. HP: 92/92 MP: 15/15
 19248 | Lair:8   | 19248 ||| UPGRADING to crude hat.
 19253 | Lair:8   | Identified the -1 hat "Jiorgh" {Str+3} (You found it on level 8 of the Lair of Beasts)
 19253 | Lair:8   | 19253 ||| REMOVING -1 hat "Jiorgh" {Str+3}.
 19258 | Lair:8   | 19258 ||| DROPPING -1 hat "Jiorgh" {Str+3}.
 19259 | Lair:8   | 19259 ||| UPGRADING to tourmaline ring.
 19260 | Lair:8   | 19260 ||| REMOVING +2 ring of intelligence.
 19261 | Lair:8   | 19261 ||| DROPPING +2 ring of intelligence.
 19454 | D:9      | Found Qosmebi's Food Boutique.
 19462 | D:9      | Bought a meat ration for 70 gold pieces
 19462 | D:9      | Bought a meat ration for 70 gold pieces
 19462 | D:9      | Bought a beef jerky for 21 gold pieces
 19462 | D:9      | Bought 4 fruits for 84 gold pieces
 19462 | D:9      | Bought a bread ration for 70 gold pieces
 19462 | D:9      | Bought a slice of pizza for 21 gold pieces
 19462 | D:9      | Bought a meat ration for 70 gold pieces
 19462 | D:9      | Bought a bread ration for 70 gold pieces
 19462 | D:9      | Bought a beef jerky for 21 gold pieces
 19462 | D:9      | Bought 3 fruits for 63 gold pieces
 19462 | D:9      | Bought a bread ration for 70 gold pieces
 19462 | D:9      | Bought a bread ration for 70 gold pieces
 19462 | D:9      | Bought a meat ration for 70 gold pieces
 19462 | D:9      | Bought a bread ration for 70 gold pieces
 19484 | D:9      | 19484 ||| EATING 13 fruits.
 19494 | D:9      | Noticed Prince Ribbit
 19511 | D:9      | Killed Prince Ribbit
 19588 | D:9      | Found Ygum's Book Shoppe.
 20004 | D:9      | 20004 ||| UPGRADING to cabochon ring.
 20005 | D:9      | 20005 ||| REMOVING ring of flight.
 20006 | D:9      | 20006 ||| DROPPING ring of flight.
 20028 | D:10     | Entered Level 10 of the Dungeon
 20034 | D:10     | 20034 ||| STAIRDANCE
 20659 | D:10     | 20659 ||| READING scroll labeled MOERRO WAXAE.
 20660 | D:10     | 20660 ||| DROPPING wand of polymorph.
 20871 | D:11     | Noticed Gastronok
 20885 | D:11     | Killed Gastronok
 20951 | D:11     | Found a staircase to the Orcish Mines.
 21596 | D:11     | 21596 ||| UPGRADING to glowing hat.
 21601 | D:11     | 21601 ||| READING 6 scrolls of identify.
 21601 | D:11     | 21601 ||| IDENTIFYING bubbling puce potion
 21602 | D:11     | 21602 ||| DRINKING potion of experience.
 21602 | D:11     | Reached XP level 16. HP: 97/97 MP: 16/16
 21614 | Orc:1    | Entered Level 1 of the Orcish Mines
 21615 | Orc:1    | 21615 ||| Entered O.
 21626 | Orc:1    | Noticed Erica
 21644 | Orc:1    | Killed Erica
 21644 | Orc:1    | Received a gift from Trog
 21645 | Orc:1    | Got a fine broad axe {god gift}
 21646 | Orc:1    | 21646 ||| UPGRADING to fine broad axe {god gift}.
 21646 | Orc:1    | Identified the +8 broad axe of Bodily Harmony {elec, rElec rF+++ rC- Dex+2} (Trog gifted it to you on level 1 of the Orcish Mines)
 22040 | Orc:1    | 22040 ||| INVOKING Trog's Hand.
 22044 | Orc:1    | 22044 ||| INVOKING Berserk.
 22112 | Orc:1    | Found a roughly hewn altar of Beogh.
 22190 | Orc:1    | Found Qoumunor's Assorted Antiques.
 22193 | Orc:1    | Bought a scroll of enchant armour for 225 gold pieces
 22193 | Orc:1    | Bought a glowing helmet for 135 gold pieces
 22193 | Orc:1    | Bought a brown potion for 27 gold pieces
 22193 | Orc:1    | Bought a scroll of remove curse for 90 gold pieces
 22193 | Orc:1    | Bought a scroll labeled PAOSKAG QINOUPP for 30 gold pieces
 22271 | Orc:1    | 22271 ||| INVOKING Trog's Hand.
 22276 | Orc:1    | 22276 ||| INVOKING Berserk.
 22318 | Orc:1    | 22318 ||| EATING royal jelly.
 22466 | Orc:1    | 22466 ||| INVOKING Berserk.
 22741 | Orc:1    | 22741 ||| UPGRADING to runed plate armour.
 22751 | Orc:1    | 22751 ||| UPGRADING to glowing helmet.
 22761 | Orc:1    | 22761 ||| DROPPING +2 hat.
 22762 | Orc:1    | 22762 ||| READING 4 scrolls of enchant armour.
 22762 | Orc:1    | 22762 ||| ENCHANTING +1 helmet.
 22763 | Orc:1    | 22763 ||| READING 3 scrolls of enchant armour.
 22763 | Orc:1    | 22763 ||| ENCHANTING +2 plate armour of cold resistance.
 22764 | Orc:1    | 22764 ||| READING 2 scrolls of enchant armour.
 22764 | Orc:1    | 22764 ||| ENCHANTING +3 plate armour of cold resistance.
 22765 | Orc:1    | 22765 ||| READING scroll of enchant armour.
 22765 | Orc:1    | 22765 ||| ENCHANTING +4 plate armour of cold resistance.
 22766 | Orc:1    | 22766 ||| DROPPING +3 plate armour of Imperfection {rN+ MR+ Slay+2}.
 22767 | Orc:1    | 22767 ||| UPGRADING to ring of ice.
 22768 | Orc:1    | 22768 ||| READING scroll labeled PAOSKAG QINOUPP.
 22769 | Orc:1    | 22769 ||| READING 5 scrolls of identify.
 22769 | Orc:1    | 22769 ||| IDENTIFYING brown potion
 22770 | Orc:1    | 22770 ||| DRINKING potion of beneficial mutation.
 22770 | Orc:1    | Gained mutation: You are agile. (Dex +2) [potion of beneficial mutation]
 22783 | Orc:2    | Entered Level 2 of the Orcish Mines
 22791 | Orc:2    | 22791 ||| STAIRDANCE
 22800 | Orc:2    | Noticed Saint Roka
 22801 | Orc:2    | 22801 ||| INVOKING Brothers in Arms.
 22811 | Orc:2    | 22811 ||| INVOKING Berserk.
 22814 | Orc:2    | Noticed Azrael
 22830 | Orc:2    | Killed Saint Roka
 22830 | Orc:2    | Reached skill level 9 in Dodging
 22835 | Orc:2    | Killed Azrael
 23119 | Orc:2    | 23119 ||| INVOKING Berserk.
 23135 | Orc:2    | Reached skill level 9 in Armour
 23145 | Orc:2    | 23145 ||| READING 8 scrolls of teleportation.
 23145 | Orc:2    | HP: 19/97 [orc priest/nerve-wracking pain (6)]
 23146 | Orc:2    | 23146 ||| DRINKING 4 potions of heal wounds.
 23148 | Orc:2    | 23148 ||| READING 7 scrolls of teleportation.
 23157 | Orc:2    | 23157 ||| READING 6 scrolls of teleportation.
 23163 | Orc:2    | 23163 ||| READING 5 scrolls of teleportation.
 23166 | Orc:2    | 23166 ||| READING 4 scrolls of teleportation.
 23171 | Orc:2    | 23171 ||| READING 3 scrolls of teleportation.
 23177 | Orc:2    | 23177 ||| READING 2 scrolls of teleportation.
 23177 | Orc:2    | HP: 21/97 [sixfirhy[an orc high priest] (6)]
 23178 | Orc:2    | 23178 ||| DRINKING 3 potions of heal wounds.
 23205 | Orc:2    | 23205 ||| EATING 16 fruits.
 23279 | Orc:2    | 23279 ||| INVOKING Berserk.
 23290 | Orc:2    | 23290 ||| EATING 15 fruits.
 23357 | Orc:2    | 23357 ||| EATING 14 fruits.
 23389 | Orc:2    | 23389 ||| INVOKING Trog's Hand.
 23390 | Orc:2    | 23390 ||| INVOKING Berserk.
 23393 | Orc:2    | Received a gift from Trog
 23432 | Orc:2    | Found Qathean's Assorted Antiques.
 23432 | Orc:2    | Found Piffel's Assorted Antiques.
 23439 | Orc:2    | Bought a scroll of remove curse for 96 gold pieces
 23439 | Orc:2    | Bought a scroll of teleportation for 96 gold pieces
 23439 | Orc:2    | Bought a scroll of identify for 64 gold pieces
 23448 | Orc:2    | Bought a scroll of remove curse for 84 gold pieces
 23491 | Orc:2    | 23491 ||| INVOKING Berserk.
 23518 | Orc:2    | Found a roughly hewn altar of Beogh.
 23529 | Orc:2    | 23529 ||| READING 2 scrolls of teleportation.
 23532 | Orc:2    | HP: 23/97 [orc priest/nerve-wracking pain (11)]
 23533 | Orc:2    | 23533 ||| DRINKING 2 potions of heal wounds.
 23535 | Orc:2    | 23535 ||| READING scroll of teleportation.
 23540 | Orc:2    | 23540 ||| INVOKING Brothers in Arms.
 24037 | Orc:2    | Found a staircase to the Elven Halls.
 24243 | Orc:2    | Found Iso Qala's General Store.
 24243 | Orc:2    | Found Wieho's Gadget Emporium.
 24258 | Orc:2    | Bought a bread ration for 60 gold pieces
 24258 | Orc:2    | Bought a royal jelly for 24 gold pieces
 24258 | Orc:2    | Bought a scroll of recharging for 114 gold pieces
 24258 | Orc:2    | Bought a beef jerky for 18 gold pieces
 24329 | Orc:1    | 24329 ||| INVOKING Brothers in Arms.
 24333 | Orc:1    | 24333 ||| INVOKING Berserk.
 24353 | Orc:1    | 24353 ||| INVOKING Trog's Hand.
 24530 | D:12     | 24530 ||| INVOKING Burn Spellbooks.
 24530 | D:12     | Received a gift from Trog
 24534 | D:12     | 24534 ||| UPGRADING to runed broad axe {god gift}.
 24535 | D:12     | 24535 ||| REMOVING ring of ice.
 24536 | D:12     | 24536 ||| UPGRADING to +3 battleaxe.
 24537 | D:12     | 24537 ||| DROPPING +1 broad axe of flaming.
 24538 | D:12     | 24538 ||| UPGRADING to +8 broad axe of Bodily Harmony {elec, rElec rF+++ rC- Dex+2}.
 24598 | D:12     | 24598 ||| DRINKING potion of beneficial mutation.
 24598 | D:12     | Gained mutation: You have a somewhat thin skeletal structure (Dex +2, Stealth). [potion of beneficial mutation]
 24640 | D:12     | 24640 ||| INVOKING Berserk.
 24705 | D:12     | 24705 ||| EATING 14 fruits.
 24873 | D:12     | Reached XP level 17. HP: 90/102 MP: 14/17
 25177 | D:12     | 25177 ||| UPGRADING to ring of ice.
 25226 | D:13     | Found a gate to the Vaults.
 25614 | D:13     | 25614 ||| UPGRADING to pair of embroidered gloves.
 25624 | D:13     | 25624 ||| UPGRADING to +2 pair of gloves.
 25634 | D:13     | 25634 ||| DROPPING +1 pair of gloves.
 25751 | D:14     | 25751 ||| INVOKING Brothers in Arms.
 26176 | D:15     | Entered Level 15 of the Dungeon
 26276 | D:15     | 26276 ||| INVOKING Burn Spellbooks.
 26290 | D:15     | Found a labyrinth entrance.
 26366 | D:15     | 26366 ||| EATING 13 fruits.
 26464 | D:15     | 26464 ||| INVOKING Berserk.
 26560 | D:15     | Found Xueseyma's General Store.
 26569 | D:15     | Bought a potion of curing for 51 gold pieces
 26655 | D:15     | 26655 ||| INVOKING Berserk.
 26733 | D:15     | 26733 ||| EATING 12 fruits.
 26734 | D:15     | Found a staircase to the Depths.
 26789 | D:15     | Received a gift from Trog
 26840 | D:15     | 26840 ||| INVOKING Brothers in Arms.
 26860 | D:15     | 26860 ||| DRINKING 8 potions of curing.
 26860 | D:15     | 26860 ||| (to cure confusion)
 26861 | D:15     | 26861 ||| INVOKING Berserk.
 26865 | D:15     | 26865 ||| DRINKING 7 potions of curing.
 26865 | D:15     | 26865 ||| (to cure confusion)
 26925 | D:15     | 26925 ||| INVOKING Burn Spellbooks.
 27012 | D:15     | 27012 ||| INVOKING Trog's Hand.
 27513 | Lair:6   | 27513 ||| INVOKING Brothers in Arms.
 27517 | Lair:6   | 27517 ||| READING scroll of teleportation.
 27518 | Lair:6   | 27518 ||| Stepping randomly (stuck).
 27563 | Lair:6   | 27563 ||| INVOKING Brothers in Arms.
 27566 | Lair:6   | 27566 ||| Stepping randomly (stuck).
 27573 | Lair:6   | 27573 ||| INVOKING Berserk.
 27585 | Lair:6   | 27585 ||| EATING 14 fruits.
 27616 | Lair:6   | 27616 ||| EATING 13 fruits.
 27628 | Lair:6   | 27628 ||| DROPPING wand of flame.
 27698 | Spider:1 | Entered Level 1 of the Spider Nest
 27699 | Spider:1 | 27699 ||| Entered N.
 27701 | Spider:1 | 27701 ||| STAIRDANCE
 27708 | Spider:1 | 27708 ||| STAIRDANCE
 27787 | Spider:1 | 27787 ||| INVOKING Brothers in Arms.
 27893 | Spider:1 | 27893 ||| INVOKING Brothers in Arms.
 27981 | Spider:1 | 27981 ||| INVOKING Brothers in Arms.
 28042 | Spider:1 | 28042 ||| INVOKING Burn Spellbooks.
 28463 | Spider:1 | 28463 ||| UPGRADING to pearl ring.
 28464 | Spider:1 | 28464 ||| REMOVING ring of poison resistance.
 28465 | Spider:1 | 28465 ||| DROPPING ring of poison resistance.
 28466 | Spider:1 | 28466 ||| READING 8 scrolls of identify.
 28466 | Spider:1 | 28466 ||| IDENTIFYING lumpy emerald potion
 28467 | Spider:1 | 28467 ||| DROPPING potion of invisibility.
 28556 | Spider:2 | 28556 ||| INVOKING Brothers in Arms.
 28610 | Spider:2 | Received a gift from Trog
 28630 | Spider:2 | 28630 ||| INVOKING Brothers in Arms.
 28863 | Spider:2 | 28863 ||| INVOKING Berserk.
 28882 | Spider:2 | 28882 ||| INVOKING Brothers in Arms.
 28883 | Spider:2 | 28883 ||| INVOKING Brothers in Arms.
 28889 | Spider:2 | Noticed Aizul
 28889 | Spider:2 | 28889 ||| INVOKING Trog's Hand.
 28905 | Spider:2 | Killed Aizul
 28906 | Spider:2 | 28906 ||| EATING 19 fruits.
 28971 | Spider:2 | 28971 ||| INVOKING Brothers in Arms.
 28985 | Spider:2 | 28985 ||| EATING 18 fruits.
 29031 | Spider:2 | Reached skill level 12 in Dodging
 29043 | Spider:2 | 29043 ||| INVOKING Brothers in Arms.
 29044 | Spider:2 | 29044 ||| INVOKING Brothers in Arms.
 29045 | Spider:2 | 29045 ||| INVOKING Brothers in Arms.
 29049 | Spider:2 | Reached skill level 12 in Armour
 29052 | Spider:2 | Noticed Arachne
 29081 | Spider:2 | Killed Arachne
 29081 | Spider:2 | Reached skill level 12 in Fighting
 29081 | Spider:2 | Reached XP level 18. HP: 79/112 MP: 13/18
 29126 | Spider:2 | 29126 ||| EATING 17 fruits.
 29446 | Spider:2 | 29446 ||| INVOKING Berserk.
 29459 | Spider:2 | 29459 ||| EATING 16 fruits.
 29546 | Spider:2 | 29546 ||| INVOKING Brothers in Arms.
 29547 | Spider:2 | 29547 ||| INVOKING Brothers in Arms.
 29548 | Spider:2 | 29548 ||| INVOKING Brothers in Arms.
 29599 | Spider:2 | 29599 ||| EATING 15 fruits.
 29856 | Spider:2 | 29856 ||| EATING 14 fruits.
 29983 | Spider:2 | 29983 ||| UPGRADING to twisted fluorescent amulet.
 29985 | Spider:2 | 29985 ||| REMOVING amulet of rage.
 29986 | Spider:2 | 29986 ||| UPGRADING to amulet of guardian spirit.
 29987 | Spider:2 | 29987 ||| DROPPING amulet of rage.
 29988 | Spider:2 | 29988 ||| UPGRADING to large copper ring.
 29989 | Spider:2 | 29989 ||| READING scroll labeled OFUCLER POXT.
 30072 | Spider:3 | 30072 ||| DRINKING 8 potions of curing.
 30072 | Spider:3 | 30072 ||| (to cure confusion)
 30107 | Spider:3 | 30107 ||| INVOKING Brothers in Arms.
 30120 | Spider:3 | 30120 ||| EATING 13 fruits.
 30237 | Spider:3 | 30237 ||| INVOKING Brothers in Arms.
 30238 | Spider:3 | 30238 ||| INVOKING Brothers in Arms.
 30265 | Spider:3 | Found a frozen archway.
 30269 | Spider:3 | 30269 ||| INVOKING Brothers in Arms.
 30305 | Spider:3 | 30305 ||| READING scroll of enchant armour.
 30305 | Spider:3 | 30305 ||| ENCHANTING +5 plate armour of cold resistance.
 30350 | Spider:3 | 30350 ||| INVOKING Brothers in Arms.
 30351 | Spider:3 | 30351 ||| INVOKING Brothers in Arms.
 30546 | Spider:4 | Entered Level 4 of the Spider Nest
 30547 | Spider:4 | 30547 ||| INVOKING Brothers in Arms.
 30561 | Spider:4 | 30561 ||| STAIRDANCE
 30597 | Spider:4 | 30597 ||| STAIRDANCE
 30633 | Spider:4 | 30633 ||| INVOKING Brothers in Arms.
 30634 | Spider:4 | 30634 ||| INVOKING Brothers in Arms.
 30635 | Spider:4 | 30635 ||| INVOKING Brothers in Arms.
 30636 | Spider:4 | 30636 ||| INVOKING Brothers in Arms.
 30637 | Spider:4 | 30637 ||| INVOKING Brothers in Arms.
 30710 | Spider:4 | 30710 ||| INVOKING Berserk.
 30882 | Spider:4 | 30882 ||| INVOKING Brothers in Arms.
 30883 | Spider:4 | 30883 ||| INVOKING Brothers in Arms.
 30884 | Spider:4 | 30884 ||| INVOKING Brothers in Arms.
 30914 | Spider:4 | 30914 ||| INVOKING Berserk.
 30938 | Spider:4 | 30938 ||| READING scroll of teleportation.
 30942 | Spider:4 | 30942 ||| INVOKING Brothers in Arms.
 30943 | Spider:4 | 30943 ||| INVOKING Brothers in Arms.
 30944 | Spider:4 | 30944 ||| INVOKING Brothers in Arms.
 31030 | Spider:4 | 31030 ||| INVOKING Brothers in Arms.
 31055 | Spider:4 | 31055 ||| INVOKING Berserk.
 31173 | Spider:4 | 31173 ||| INVOKING Berserk.
 31243 | Spider:4 | 31243 ||| INVOKING Berserk.
 31413 | Spider:4 | 31413 ||| READING scroll of enchant armour.
 31413 | Spider:4 | 31413 ||| ENCHANTING +6 plate armour of cold resistance.
 31462 | Spider:4 | 31462 ||| INVOKING Burn Spellbooks.
 31463 | Spider:4 | 31463 ||| Stepping randomly (disturbance).
 31817 | Spider:4 | 31817 ||| INVOKING Burn Spellbooks.
 31842 | Spider:4 | 31842 ||| INVOKING Berserk.
 31858 | Spider:4 | 31858 ||| READING scroll of teleportation.
 32068 | Spider:4 | 32068 ||| INVOKING Brothers in Arms.
 32143 | Spider:4 | Got a gossamer rune of Zot
 32148 | Spider:4 | 32148 ||| UPGRADING to notched tourmaline ring.
 32150 | Spider:4 | 32150 ||| UPGRADING to ring of ice.
 32152 | Spider:4 | 32152 ||| READING 8 scrolls of identify.
 32152 | Spider:4 | 32152 ||| IDENTIFYING green potion
 32153 | Spider:4 | 32153 ||| DROPPING potion of mutation.
 32259 | Spider:3 | 32259 ||| STAIRDANCE
 32600 | Vaults:1 | Entered Level 1 of the Vaults
 32601 | Vaults:1 | 32601 ||| Entered V.
 32615 | Vaults:1 | 32615 ||| INVOKING Trog's Hand.
 32735 | Vaults:1 | Reached XP level 19. HP: 120/120 MP: 19/19
 32913 | Vaults:1 | 32913 ||| READING scroll of enchant armour.
 32913 | Vaults:1 | 32913 ||| ENCHANTING +7 plate armour of cold resistance.
 33019 | Vaults:1 | 33019 ||| INVOKING Berserk.
 33038 | Vaults:1 | 33038 ||| INVOKING Trog's Hand.
 33130 | Vaults:1 | 33130 ||| INVOKING Brothers in Arms.
 33131 | Vaults:1 | 33131 ||| INVOKING Brothers in Arms.
 33133 | Vaults:1 | 33133 ||| INVOKING Berserk.
 33681 | Vaults:1 | 33681 ||| EATING 15 fruits.
 33685 | Vaults:1 | 33685 ||| DROPPING gold dragon hide.
 33686 | Vaults:1 | 33686 ||| UPGRADING to glowing cloak.
 33696 | Vaults:1 | 33696 ||| UPGRADING to +2 cloak.
 33706 | Vaults:1 | 33706 ||| DROPPING +1 cloak.
 33822 | Vaults:2 | 33822 ||| UPGRADING to runed battleaxe.
 33823 | Vaults:2 | 33823 ||| REMOVING ring of ice.
 33824 | Vaults:2 | 33824 ||| UPGRADING to +8 broad axe of Bodily Harmony {elec, rElec rF+++ rC- Dex+2}.
 33825 | Vaults:2 | 33825 ||| DROPPING +3 battleaxe.
 33837 | Vaults:2 | 33837 ||| INVOKING Berserk.
 33847 | Vaults:2 | 33847 ||| EATING 14 fruits.
 33884 | Vaults:2 | 33884 ||| EATING 13 fruits.
 33943 | Vaults:2 | Found Ucsauzyn's Book Shop.
 34159 | Vaults:2 | 34159 ||| INVOKING Trog's Hand.
 34244 | Vaults:2 | 34244 ||| INVOKING Brothers in Arms.
 34336 | Vaults:2 | 34336 ||| INVOKING Burn Spellbooks.
 34453 | Vaults:2 | 34453 ||| INVOKING Brothers in Arms.
 34456 | Vaults:2 | 34456 ||| INVOKING Berserk.
 34596 | Vaults:2 | 34596 ||| INVOKING Trog's Hand.
 34719 | Vaults:2 | 34719 ||| INVOKING Brothers in Arms.
 34988 | Vaults:2 | Received a gift from Trog
 35026 | Vaults:2 | 35026 ||| INVOKING Berserk.
 35083 | Vaults:2 | 35083 ||| EATING 12 fruits.
 35264 | Vaults:2 | 35264 ||| INVOKING Trog's Hand.
 35265 | Vaults:2 | 35265 ||| INVOKING Berserk.
 35281 | Vaults:2 | 35281 ||| READING scroll of teleportation.
 35328 | Vaults:2 | 35328 ||| INVOKING Trog's Hand.
 35330 | Vaults:2 | 35330 ||| INVOKING Berserk.
 35367 | Vaults:2 | 35367 ||| INVOKING Trog's Hand.
 35370 | Vaults:2 | 35370 ||| INVOKING Brothers in Arms.
 35379 | Vaults:2 | 35379 ||| INVOKING Brothers in Arms.
 35391 | Vaults:2 | 35391 ||| EATING 20 bread rations.
 35394 | Vaults:2 | 35394 ||| INVOKING Trog's Hand.
 35526 | Vaults:2 | 35526 ||| UPGRADING to ring of ice.
 35527 | Vaults:2 | 35527 ||| DROPPING wand of paralysis.
 35584 | Vaults:3 | 35584 ||| INVOKING Trog's Hand.
 35837 | Vaults:3 | Found a staircase to the Crypt.
 35847 | Vaults:3 | 35847 ||| INVOKING Berserk.
 35860 | Vaults:3 | Reached skill level 15 in Armour
 35860 | Vaults:3 | Reached XP level 20. HP: 80/128 MP: 9/20
 36187 | Vaults:3 | Reached skill level 15 in Dodging
 36209 | Vaults:3 | Reached skill level 15 in Fighting
 36214 | Vaults:3 | 36214 ||| EATING 11 fruits.
 36508 | Vaults:3 | 36508 ||| INVOKING Trog's Hand.
 36553 | Vaults:3 | 36553 ||| INVOKING Berserk.
 36570 | Vaults:3 | 36570 ||| EATING 10 fruits.
 36642 | Vaults:3 | Found Vutal's Jewellery Boutique.
 36650 | Vaults:3 | Bought an uncursed ring of protection from magic for 425 gold pieces
 36650 | Vaults:3 | Bought a +4 ring of protection for 612 gold pieces
 36686 | Vaults:3 | 36686 ||| INVOKING Trog's Hand.
 36790 | Vaults:3 | 36790 ||| INVOKING Trog's Hand.
 36799 | Vaults:3 | 36799 ||| INVOKING Trog's Hand.
 37004 | Vaults:3 | 37004 ||| INVOKING Trog's Hand.
 37045 | Vaults:3 | 37045 ||| UPGRADING to runed cloak.
 37055 | Vaults:3 | 37055 ||| UPGRADING to +2 cloak.
 37065 | Vaults:3 | 37065 ||| DROPPING +1 cloak.
 37066 | Vaults:3 | 37066 ||| UPGRADING to +4 ring of protection.
 37134 | Vaults:4 | 37134 ||| INVOKING Trog's Hand.
 37326 | Vaults:4 | 37326 ||| INVOKING Trog's Hand.
 37340 | Vaults:4 | 37340 ||| INVOKING Berserk.
 37360 | Vaults:4 | 37360 ||| INVOKING Brothers in Arms.
 37453 | Vaults:4 | 37453 ||| INVOKING Trog's Hand.
 37472 | Vaults:4 | Received a gift from Trog
 37506 | Vaults:4 | 37506 ||| INVOKING Trog's Hand.
 37520 | Vaults:4 | 37520 ||| INVOKING Trog's Hand.
 37534 | Vaults:4 | 37534 ||| INVOKING Berserk.
 37561 | Vaults:4 | 37561 ||| INVOKING Brothers in Arms.
 37565 | Vaults:4 | 37565 ||| INVOKING Trog's Hand.
 37573 | Vaults:4 | HP: 30/131 [deep elf annihilator/crystal spear[an ironheart preserver] (26)]
 37574 | Vaults:4 | 37574 ||| DRINKING 2 potions of heal wounds.
 37577 | Vaults:4 | 37577 ||| DRINKING potion of heal wounds.
 37578 | Vaults:4 | Reached XP level 21. HP: 50/136 MP: 1/21
 37581 | Vaults:4 | 37581 ||| EATING 9 fruits.
 37582 | Vaults:4 | 37582 ||| EATING 8 fruits.
 37777 | Vaults:4 | 37777 ||| EATING 7 fruits.
 37802 | Vaults:4 | 37802 ||| READING scroll of enchant armour.
 37802 | Vaults:4 | 37802 ||| ENCHANTING +8 plate armour of cold resistance.
 37817 | Vaults:4 | 37817 ||| UPGRADING to runed battleaxe {god gift}.
 37818 | Vaults:4 | 37818 ||| UPGRADING to +8 broad axe of Bodily Harmony {elec, rElec rF+++ rC- Dex+2}.
 37819 | Vaults:4 | 37819 ||| DROPPING +1 antimagic battleaxe.
 37848 | Vaults:4 | Found Gozag's Antique Weapon Shop.
 37853 | Vaults:4 | Found an opulent altar of Gozag.
 37853 | Vaults:4 | Found Gozag's Antique Weapon Boutique.
 37867 | Vaults:4 | Found Gozag's Antique Armour Boutique.
 37878 | Vaults:4 | Bought an embroidered hat for 400 gold pieces
 37878 | Vaults:4 | Bought a pair of fine gloves for 950 gold pieces
 37954 | Vaults:4 | 37954 ||| INVOKING Trog's Hand.
 38059 | Vaults:4 | 38059 ||| INVOKING Brothers in Arms.
 38066 | Vaults:4 | 38066 ||| INVOKING Berserk.
 38209 | Vaults:4 | 38209 ||| INVOKING Burn Spellbooks.
 38238 | Vaults:4 | 38238 ||| INVOKING Trog's Hand.
 38239 | Vaults:4 | 38239 ||| INVOKING Brothers in Arms.
 38240 | Vaults:4 | 38240 ||| INVOKING Brothers in Arms.
 38244 | Vaults:4 | 38244 ||| INVOKING Berserk.
 38775 | Vaults:4 | 38775 ||| EATING 6 fruits.
 38897 | Vaults:4 | 38897 ||| UPGRADING to embroidered hat.
 38907 | Vaults:4 | 38907 ||| UPGRADING to pair of fine gloves.
 38917 | Vaults:4 | Identified the +4 pair of gloves "Taenot" {rN+ Regen+ MP-9 Str+6} (You bought it in a shop on level 4 of the Vaults)
 38917 | Vaults:4 | 38917 ||| DROPPING +2 pair of gloves.
 38918 | Vaults:4 | 38918 ||| UPGRADING to +2 helmet.
 38928 | Vaults:4 | 38928 ||| DROPPING +2 hat.
 38929 | Vaults:4 | 38929 ||| READING scroll labeled LELELU MEOLE.
 39369 | Lair:4   | 39369 ||| EATING 5 fruits.
 39537 | Shoals:1 | Entered Level 1 of the Shoals
 39538 | Shoals:1 | 39538 ||| Entered A.
 40270 | Shoals:1 | 40270 ||| READING 3 scrolls labeled JUSOEGECYM.
 40271 | Shoals:1 | 40271 ||| DROPPING 2 scrolls of fear.
 40281 | Shoals:1 | 40281 ||| EATING 4 fruits.
 40978 | Shoals:2 | 40978 ||| READING 3 scrolls of enchant armour.
 40978 | Shoals:2 | 40978 ||| ENCHANTING +9 plate armour of cold resistance.
 41044 | Shoals:2 | 41044 ||| UPGRADING to small iron ring.
 41046 | Shoals:2 | 41046 ||| DROPPING +2 ring of dexterity.
 41047 | Shoals:2 | 41047 ||| UPGRADING to ring of protection from magic.
 41049 | Shoals:2 | 41049 ||| UPGRADING to ring of see invisible.
 41051 | Shoals:2 | 41051 ||| READING 14 scrolls of identify.
 41051 | Shoals:2 | 41051 ||| IDENTIFYING wand of teleportation
 41389 | Shoals:3 | 41389 ||| DRINKING 9 potions of curing.
 41389 | Shoals:3 | 41389 ||| (to cure confusion)
 42017 | Shoals:3 | 42017 ||| READING scroll labeled OFUZOA IHEMP.
 42017 | Shoals:3 | Identified a scroll of acquirement
 42052 | Shoals:4 | Entered Level 4 of the Shoals
 42089 | Shoals:4 | 42089 ||| EATING 3 fruits.
 42192 | Shoals:4 | 42192 ||| INVOKING Burn Spellbooks.
 42372 | Shoals:4 | Noticed Ilsuiw
 42401 | Shoals:4 | Killed Ilsuiw
 42429 | Shoals:4 | Noticed Donald
 42431 | Shoals:4 | 42431 ||| INVOKING Trog's Hand.
 42442 | Shoals:4 | Killed Donald
 42477 | Shoals:4 | 42477 ||| INVOKING Trog's Hand.
 42568 | Shoals:4 | 42568 ||| INVOKING Burn Spellbooks.
 42988 | Shoals:4 | 42988 ||| INVOKING Berserk.
 42992 | Shoals:4 | Received a gift from Trog
 43070 | Shoals:4 | Got a barnacled rune of Zot
 43572 | Depths:1 | Entered Level 1 of the Depths
 43573 | Depths:1 | 43573 ||| Entered U.
 43577 | Depths:1 | 43577 ||| INVOKING Trog's Hand.
 43581 | Depths:1 | Reached XP level 22. HP: 141/145 MP: 13/22
 43711 | Depths:1 | 43711 ||| INVOKING Trog's Hand.
 43899 | Depths:1 | Found a gateway to Hell.
 44041 | Depths:1 | 44041 ||| INVOKING Berserk.
 44213 | Depths:1 | 44213 ||| INVOKING Brothers in Arms.
 44257 | Depths:1 | 44257 ||| INVOKING Trog's Hand.
 44292 | Depths:1 | 44292 ||| INVOKING Trog's Hand.
 44541 | Depths:1 | 44541 ||| INVOKING Trog's Hand.
 44549 | Depths:1 | Received a gift from Trog
 44591 | Depths:1 | 44591 ||| UPGRADING to runed battleaxe {god gift}.
 44592 | Depths:1 | 44592 ||| DROPPING +4 battleaxe.
 44593 | Depths:1 | 44593 ||| UPGRADING to +8 broad axe of Bodily Harmony {elec, rElec rF+++ rC- Dex+2}.
 44608 | Depths:1 | Found a one-way gate to the infinite horrors of the Abyss.
 44678 | Depths:1 | 44678 ||| INVOKING Trog's Hand.
 44800 | Depths:1 | 44800 ||| INVOKING Brothers in Arms.
 44894 | Depths:1 | 44894 ||| UPGRADING to pair of runed boots.
 44904 | Depths:1 | 44904 ||| DROPPING +2 pair of boots.
 44905 | Depths:1 | 44905 ||| UPGRADING to runed diamond amulet.
 44907 | Depths:1 | 44907 ||| REMOVING amulet of the gourmand.
 44908 | Depths:1 | 44908 ||| UPGRADING to amulet of guardian spirit.
 44909 | Depths:1 | 44909 ||| DROPPING amulet of the gourmand.
 45073 | Depths:2 | Reached skill level 18 in Dodging
 45096 | Depths:2 | Reached skill level 18 in Armour
 45216 | Depths:2 | 45216 ||| INVOKING Trog's Hand.
 45217 | Depths:2 | 45217 ||| INVOKING Brothers in Arms.
 45219 | Depths:2 | 45219 ||| INVOKING Brothers in Arms.
 45220 | Depths:2 | 45220 ||| INVOKING Berserk.
 45223 | Depths:2 | Reached skill level 18 in Fighting
 45284 | Depths:2 | Got a bloodstained cloak
 45312 | Depths:2 | 45312 ||| UPGRADING to glowing battleaxe.
 45313 | Depths:2 | 45313 ||| UPGRADING to +3 antimagic battleaxe.
 45314 | Depths:2 | 45314 ||| DROPPING +0 battleaxe of freezing.
 45315 | Depths:2 | 45315 ||| UPGRADING to +8 broad axe of Bodily Harmony {elec, rElec rF+++ rC- Dex+2}.
 45351 | Depths:2 | Noticed a caustic shrike
 45351 | Depths:2 | 45351 ||| INVOKING Brothers in Arms.
 45352 | Depths:2 | 45352 ||| INVOKING Berserk.
 45365 | Depths:2 | Noticed a caustic shrike
 45367 | Depths:2 | Killed a caustic shrike
 45375 | Depths:2 | Killed a caustic shrike
 45387 | Depths:2 | Noticed a caustic shrike
 45387 | Depths:2 | Noticed a caustic shrike
 45387 | Depths:2 | 45387 ||| INVOKING Brothers in Arms.
 45388 | Depths:2 | Noticed a caustic shrike
 45388 | Depths:2 | Noticed a caustic shrike
 45390 | Depths:2 | Noticed a caustic shrike
 45392 | Depths:2 | 45392 ||| ZAPPING wand of teleportation (6/9).
 45393 | Depths:2 | Noticed a caustic shrike
 45395 | Depths:2 | HP: 29/147 [acid (8)]
 45396 | Depths:2 | 45396 ||| DRINKING 2 potions of heal wounds.
 45397 | Depths:2 | 45397 ||| EATING 2 fruits.
 45481 | Depths:2 | 45481 ||| EATING fruit.
 45515 | Depths:2 | 45515 ||| INVOKING Trog's Hand.
 45593 | Depths:2 | 45593 ||| INVOKING Brothers in Arms.
 45595 | Depths:2 | 45595 ||| INVOKING Berserk.
 45602 | Depths:2 | Noticed a caustic shrike
 45602 | Depths:2 | Killed a caustic shrike
 45606 | Depths:2 | Killed a caustic shrike
 45612 | Depths:2 | Killed a caustic shrike
 45617 | Depths:2 | Killed a caustic shrike
 45624 | Depths:2 | Reached XP level 23. HP: 152/152 MP: 10/23
 45639 | Depths:2 | Killed a caustic shrike
 45640 | Depths:2 | 45640 ||| EATING 4 royal jellies.
 45643 | Depths:2 | 45643 ||| ZAPPING wand of teleportation (5/9).
 45647 | Depths:2 | 45647 ||| INVOKING Trog's Hand.
 45650 | Depths:2 | Noticed Margery
 45650 | Depths:2 | 45650 ||| INVOKING Brothers in Arms.
 45685 | Depths:2 | 45685 ||| INVOKING Trog's Hand.
 45731 | Depths:2 | 45731 ||| INVOKING Brothers in Arms.
 45747 | Depths:2 | 45747 ||| INVOKING Brothers in Arms.
 45748 | Depths:2 | 45748 ||| INVOKING Brothers in Arms.
 45750 | Depths:2 | 45750 ||| INVOKING Brothers in Arms.
 45753 | Depths:2 | Killed Margery
 45760 | Depths:2 | 45760 ||| EATING 3 royal jellies.
 45785 | Depths:2 | 45785 ||| DRINKING potion of beneficial mutation.
 45785 | Depths:2 | Gained mutation: Your natural rate of healing is unusually fast. [potion of beneficial mutation]
 45854 | Depths:2 | 45854 ||| INVOKING Brothers in Arms.
 45855 | Depths:2 | 45855 ||| INVOKING Brothers in Arms.
 45856 | Depths:2 | 45856 ||| INVOKING Berserk.
 45862 | Depths:2 | Killed a caustic shrike
 45949 | Depths:2 | 45949 ||| READING scroll of acquirement.
 45999 | Depths:2 | Identified the +3 cloak of the Valley of Death {Str+2 Int+4 Dex-4} (You found it on level 2 of the Depths)
 46057 | Depths:2 | 46057 ||| EATING 3 royal jellies.
 46252 | Depths:2 | 46252 ||| INVOKING Trog's Hand.
 46266 | Depths:2 | 46266 ||| INVOKING Berserk.
 46291 | Depths:2 | 46291 ||| EATING 2 royal jellies.
 46381 | Depths:2 | Found Jafy's Food Shop.
 46401 | Depths:2 | Bought a meat ration for 55 gold pieces
 46401 | Depths:2 | Bought a meat ration for 55 gold pieces
 46401 | Depths:2 | Bought a meat ration for 55 gold pieces
 46401 | Depths:2 | Bought a meat ration for 55 gold pieces
 46401 | Depths:2 | Bought a meat ration for 55 gold pieces
 46401 | Depths:2 | Bought a slice of pizza for 16 gold pieces
 46401 | Depths:2 | Bought a meat ration for 55 gold pieces
 46401 | Depths:2 | Bought a royal jelly for 22 gold pieces
 46401 | Depths:2 | Bought a slice of pizza for 16 gold pieces
 46401 | Depths:2 | Bought a meat ration for 55 gold pieces
 46401 | Depths:2 | Bought a bread ration for 55 gold pieces
 46639 | Depths:2 | 46639 ||| INVOKING Trog's Hand.
 46709 | Depths:2 | 46709 ||| DROPPING +2 cloak.
 46710 | Depths:2 | 46710 ||| UPGRADING to runed hat.
 46720 | Depths:2 | 46720 ||| UPGRADING to +2 helmet.
 46730 | Depths:2 | 46730 ||| DROPPING +1 hat of magic resistance.
 46731 | Depths:2 | 46731 ||| UPGRADING to granite ring.
 46733 | Depths:2 | 46733 ||| REMOVING ring of resist corrosion.
 46734 | Depths:2 | 46734 ||| DROPPING ring of resist corrosion.
 46735 | Depths:2 | 46735 ||| UPGRADING to ring of protection from magic.
 46736 | Depths:2 | 46736 ||| UPGRADING to ring of see invisible.
 46816 | Depths:3 | 46816 ||| Stepping ~*~*~tactically~*~*~ (cloud).
 46817 | Depths:3 | 46817 ||| INVOKING Trog's Hand.
 46824 | Depths:3 | 46824 ||| Stepping ~*~*~tactically~*~*~ (cloud).
 46997 | Depths:3 | 46997 ||| INVOKING Brothers in Arms.
 46998 | Depths:3 | 46998 ||| INVOKING Brothers in Arms.
 47003 | Depths:3 | 47003 ||| INVOKING Berserk.
 47029 | Depths:3 | 47029 ||| INVOKING Brothers in Arms.
 47037 | Depths:3 | 47037 ||| EATING 2 royal jellies.
 47190 | Depths:3 | Received a gift from Trog
 47456 | Depths:3 | Found a gateway to a ziggurat.
 47498 | Depths:3 | 47498 ||| INVOKING Brothers in Arms.
 47499 | Depths:3 | 47499 ||| INVOKING Brothers in Arms.
 47566 | Depths:3 | 47566 ||| INVOKING Trog's Hand.
 47653 | Depths:3 | Found a one-way gate leading to the halls of Pandemonium.
 47653 | Depths:3 | Gained mutation: Armour fits poorly on your strangely shaped body. [a neqoxec]
 47664 | Depths:3 | 47664 ||| DRINKING 3 potions of cure mutation.
 47664 | Depths:3 | Lost mutation: You are agile. (Dex +2) [potion of cure mutation]
 47664 | Depths:3 | Lost mutation: Armour fits poorly on your strangely shaped body. [potion of cure mutation]
 47664 | Depths:3 | Lost mutation: You have a somewhat thin skeletal structure (Dex +2, Stealth). [potion of cure mutation]
 47715 | Depths:3 | 47715 ||| INVOKING Trog's Hand.
 47900 | Depths:4 | 47900 ||| INVOKING Brothers in Arms.
 47903 | Depths:4 | 47903 ||| INVOKING Brothers in Arms.
 48040 | Depths:4 | 48040 ||| INVOKING Trog's Hand.
 48042 | Depths:4 | 48042 ||| INVOKING Berserk.
 48124 | Depths:4 | Found a shattered altar of Ashenzari.
 48237 | Depths:4 | 48237 ||| INVOKING Trog's Hand.
 48323 | Depths:4 | 48323 ||| INVOKING Burn Spellbooks.
 48432 | Depths:4 | Reached XP level 24. HP: 158/160 MP: 13/23
 48671 | Depths:4 | Noticed Erolcha
 48672 | Depths:4 | 48672 ||| INVOKING Trog's Hand.
 48673 | Depths:4 | 48673 ||| INVOKING Brothers in Arms.
 48675 | Depths:4 | 48675 ||| INVOKING Berserk.
 48677 | Depths:4 | Killed Erolcha
 48752 | Depths:4 | 48752 ||| INVOKING Trog's Hand.
 48754 | Depths:4 | 48754 ||| INVOKING Berserk.
 48766 | Depths:4 | 48766 ||| EATING royal jelly.
 48914 | Depths:4 | 48914 ||| INVOKING Trog's Hand.
 49187 | Depths:4 | 49187 ||| INVOKING Trog's Hand.
 49623 | Depths:4 | 49623 ||| INVOKING Trog's Hand.
 49764 | Depths:4 | 49764 ||| EATING 8 slices of pizza.
 49858 | Depths:5 | Entered Level 5 of the Depths
 49920 | Depths:5 | 49920 ||| INVOKING Trog's Hand.
 49982 | Depths:5 | 49982 ||| Stepping ~*~*~tactically~*~*~ (cloud).
 50066 | Depths:5 | 50066 ||| INVOKING Berserk.
 50081 | Depths:5 | HP: 59/243 [green draconian monk (8)]
 50089 | Depths:5 | 50089 ||| ZAPPING wand of teleportation (4/9).
 50090 | Depths:5 | HP: 30/162 [red draconian scorcher/bolt of magma (15)]
 50092 | Depths:5 | HP: 12/162 [purple draconian/bolt of dispelling energy (20)]
 50093 | Depths:5 | 50093 ||| ZAPPING wand of teleportation (3/9).
 50099 | Depths:5 | 50099 ||| INVOKING Brothers in Arms.
 50100 | Depths:5 | HP: 7/162 [deep elf high priest/divine providence (12)]
 50104 | Depths:5 | 50104 ||| ZAPPING wand of teleportation (2/9).
 50106 | Depths:5 | Received a gift from Trog
 50108 | Depths:5 | 50108 ||| ZAPPING wand of teleportation (1/9).
 50111 | Depths:5 | HP: 14/162 [green draconian/war axe (1)]
 50143 | Depths:5 | 50143 ||| READING 4 scrolls of recharging.
 50143 | Depths:5 | 50143 ||| RECHARGING wand of teleportation (0/9).
 50157 | Depths:5 | Found a gate to the Realm of Zot.
 50194 | Depths:5 | 50194 ||| INVOKING Berserk.
 50223 | Depths:5 | 50223 ||| EATING 7 slices of pizza.
 50329 | Depths:5 | 50329 ||| INVOKING Brothers in Arms.
 50338 | Depths:5 | 50338 ||| INVOKING Brothers in Arms.
 50388 | Depths:5 | 50388 ||| INVOKING Trog's Hand.
 50861 | Depths:5 | 50861 ||| INVOKING Burn Spellbooks.
 51197 | Depths:5 | Received a gift from Trog
 51231 | Depths:5 | Found a portal to a secret trove of treasure.
 51257 | Depths:5 | 51257 ||| UPGRADING to embroidered cloak.
 51267 | Depths:5 | 51267 ||| UPGRADING to +3 cloak of the Valley of Death {Str+2 Int+4 Dex-4}.
 51277 | Depths:5 | 51277 ||| DROPPING +1 cloak of magic resistance.
 51278 | Depths:5 | 51278 ||| UPGRADING to dented brass amulet.
 51280 | Depths:5 | 51280 ||| UPGRADING to amulet of guardian spirit.
 51282 | Depths:5 | 51282 ||| UPGRADING to ring of evasion.
 51284 | Depths:5 | 51284 ||| UPGRADING to ring of Shadows {Umbra +Inv rN+ SInv}.
 51286 | Depths:5 | 51286 ||| DROPPING +1 ring of evasion.
 51287 | Depths:5 | 51287 ||| READING scroll labeled MECVOP WOSTOTRUR.
 51668 | Vaults:5 | Entered Level 5 of the Vaults
 51670 | Vaults:5 | 51670 ||| STAIRDANCE
 51688 | Vaults:5 | 51688 ||| STAIRDANCE
 51724 | Vaults:5 | 51724 ||| STAIRDANCE
 51769 | Vaults:5 | 51769 ||| INVOKING Berserk.
 51770 | Vaults:5 | Reached XP level 25. HP: 168/168 MP: 13/23
 51778 | Vaults:5 | Received a gift from Trog
 51810 | Vaults:5 | 51810 ||| INVOKING Trog's Hand.
 51815 | Vaults:5 | 51815 ||| ZAPPING wand of teleportation (5/9).
 51942 | Vaults:5 | Received a gift from Trog
 51952 | Vaults:5 | 51952 ||| INVOKING Trog's Hand.
 51969 | Vaults:5 | 51969 ||| INVOKING Berserk.
 51975 | Vaults:5 | Cast into level 2 of the Abyss (a deep elf sorcerer)
 52046 | Vaults:5 | Escaped the Abyss
 52047 | Vaults:5 | 52047 ||| INVOKING Trog's Hand.
 52048 | Vaults:5 | 52048 ||| INVOKING Berserk.
 52119 | Vaults:5 | 52119 ||| EATING 6 slices of pizza.
 52130 | Vaults:5 | 52130 ||| INVOKING Trog's Hand.
 52197 | Vaults:5 | 52197 ||| INVOKING Berserk.
 52207 | Vaults:5 | 52207 ||| ZAPPING wand of teleportation (4/9).
 52223 | Vaults:5 | 52223 ||| ZAPPING wand of teleportation (3/9).
 52340 | Vaults:5 | 52340 ||| READING 4 scrolls of recharging.
 52340 | Vaults:5 | 52340 ||| RECHARGING wand of teleportation (2/9).
 52350 | Vaults:5 | 52350 ||| Eating in order to wield vampiric weapon.
 52350 | Vaults:5 | 52350 ||| EATING 5 slices of pizza.
 52351 | Vaults:5 | 52351 ||| Eating in order to wield vampiric weapon.
 52351 | Vaults:5 | 52351 ||| EATING 4 slices of pizza.
 52352 | Vaults:5 | 52352 ||| Eating in order to wield vampiric weapon.
 52352 | Vaults:5 | 52352 ||| EATING 3 slices of pizza.
 52353 | Vaults:5 | 52353 ||| UPGRADING to uncursed vampiric battleaxe.
 52354 | Vaults:5 | 52354 ||| DROPPING +3 antimagic battleaxe.
 52355 | Vaults:5 | 52355 ||| READING 6 scrolls of enchant weapon.
 52355 | Vaults:5 | 52355 ||| ENCHANTING +2 vampiric battleaxe.
 52356 | Vaults:5 | 52356 ||| READING 5 scrolls of enchant weapon.
 52356 | Vaults:5 | 52356 ||| ENCHANTING +3 vampiric battleaxe.
 52357 | Vaults:5 | 52357 ||| READING 4 scrolls of enchant weapon.
 52357 | Vaults:5 | 52357 ||| ENCHANTING +4 vampiric battleaxe.
 52358 | Vaults:5 | 52358 ||| READING 3 scrolls of enchant weapon.
 52358 | Vaults:5 | 52358 ||| ENCHANTING +5 vampiric battleaxe.
 52359 | Vaults:5 | 52359 ||| READING 2 scrolls of enchant weapon.
 52359 | Vaults:5 | 52359 ||| ENCHANTING +6 vampiric battleaxe.
 52360 | Vaults:5 | 52360 ||| READING scroll of enchant weapon.
 52360 | Vaults:5 | 52360 ||| ENCHANTING +7 vampiric battleaxe.
 52374 | Vaults:5 | 52374 ||| INVOKING Trog's Hand.
 52384 | Vaults:5 | 52384 ||| INVOKING Brothers in Arms.
 52385 | Vaults:5 | 52385 ||| INVOKING Berserk.
 52446 | Vaults:5 | 52446 ||| INVOKING Burn Spellbooks.
 52458 | Vaults:5 | Got a silver rune of Zot
 52471 | Vaults:5 | Got a slimy silver ring
 52521 | Vaults:5 | 52521 ||| INVOKING Berserk.
 52573 | Vaults:5 | 52573 ||| INVOKING Berserk.
 52583 | Vaults:5 | 52583 ||| ZAPPING wand of teleportation (4/9).
 52586 | Vaults:5 | 52586 ||| INVOKING Trog's Hand.
 52632 | Vaults:5 | 52632 ||| READING 3 scrolls of recharging.
 52632 | Vaults:5 | 52632 ||| RECHARGING wand of teleportation (3/9).
 52669 | Vaults:5 | 52669 ||| INVOKING Burn Spellbooks.
 52669 | Vaults:5 | Received a gift from Trog
 52717 | Vaults:5 | 52717 ||| INVOKING Trog's Hand.
 52773 | Vaults:5 | 52773 ||| INVOKING Trog's Hand.
 52902 | Vaults:5 | 52902 ||| INVOKING Burn Spellbooks.
 52963 | Vaults:5 | 52963 ||| INVOKING Trog's Hand.
 53103 | Vaults:5 | 53103 ||| INVOKING Trog's Hand.
 53117 | Vaults:5 | Reached skill level 21 in Fighting
 53135 | Vaults:5 | Reached XP level 26. HP: 177/177 MP: 14/23
 53144 | Vaults:5 | 53144 ||| INVOKING Trog's Hand.
 53173 | Vaults:5 | Reached skill level 21 in Dodging
 53273 | Vaults:5 | Reached skill level 21 in Armour
 53373 | Vaults:5 | 53373 ||| INVOKING Berserk.
 53382 | Vaults:5 | Reached skill level 21 in Axes
 53393 | Vaults:5 | Received a gift from Trog
 53408 | Vaults:5 | 53408 ||| ZAPPING wand of teleportation (6/9).
 53478 | Vaults:5 | 53478 ||| INVOKING Berserk.
 53569 | Vaults:5 | 53569 ||| INVOKING Burn Spellbooks.
 53584 | Vaults:5 | 53584 ||| INVOKING Burn Spellbooks.
 53603 | Vaults:5 | 53603 ||| INVOKING Berserk.
 53724 | Vaults:5 | 53724 ||| INVOKING Berserk.
 53858 | Vaults:5 | 53858 ||| Stepping ~*~*~tactically~*~*~ (cloud).
 54013 | Vaults:5 | 54013 ||| UPGRADING to slimy silver ring.
 54014 | Vaults:5 | Identified the ring "Cyseus" {Ice rPois Str+3} (You found it on level 5 of the Vaults)
 54015 | Vaults:5 | 54015 ||| REMOVING ring "Cyseus" {Ice rPois Str+3}.
 54016 | Vaults:5 | 54016 ||| UPGRADING to ring of see invisible.
 54017 | Vaults:5 | 54017 ||| UPGRADING to ring of Shadows {Umbra +Inv rN+ SInv}.
 54428 | Depths:5 | 54428 ||| EATING 3 slices of pizza.
 54464 | Zot:1    | Entered Level 1 of the Realm of Zot
 54465 | Zot:1    | 54465 ||| Entered Z.
 54465 | Zot:1    | 54465 ||| STAIRDANCE
 54467 | Depths:5 | 54467 ||| INVOKING Brothers in Arms.
 54499 | Zot:1    | 54499 ||| INVOKING Brothers in Arms.
 54500 | Zot:1    | 54500 ||| INVOKING Berserk.
 54519 | Zot:1    | 54519 ||| ZAPPING wand of teleportation (5/9).
 54529 | Zot:1    | 54529 ||| ZAPPING wand of teleportation (4/9).
 54537 | Zot:1    | 54537 ||| ZAPPING wand of teleportation (3/9).
 54544 | Zot:1    | 54544 ||| ZAPPING wand of teleportation (2/9).
 54563 | Zot:1    | 54563 ||| ZAPPING wand of teleportation (1/9).
 54578 | Zot:1    | 54578 ||| EATING 2 slices of pizza.
 54579 | Zot:1    | 54579 ||| EATING slice of pizza.
 54580 | Zot:1    | 54580 ||| EATING 8 beef jerkies.
 54581 | Zot:1    | 54581 ||| EATING 7 beef jerkies.
 54582 | Zot:1    | 54582 ||| EATING 6 beef jerkies.
 54608 | Zot:1    | 54608 ||| EATING 5 beef jerkies.
 54611 | Zot:1    | 54611 ||| READING 2 scrolls of recharging.
 54611 | Zot:1    | 54611 ||| RECHARGING wand of teleportation (0/9).
 54647 | Zot:1    | 54647 ||| INVOKING Berserk.
 54719 | Zot:1    | 54719 ||| EATING 4 beef jerkies.
 54786 | Zot:1    | 54786 ||| READING scroll of enchant weapon.
 54786 | Zot:1    | 54786 ||| ENCHANTING +8 vampiric battleaxe.
 54854 | Zot:1    | 54854 ||| INVOKING Burn Spellbooks.
 55009 | Zot:1    | 55009 ||| UPGRADING to embroidered cloak.
 55019 | Zot:1    | 55019 ||| UPGRADING to +3 cloak of the Valley of Death {Str+2 Int+4 Dex-4}.
 55029 | Zot:1    | 55029 ||| DROPPING +2 cloak.
 55030 | Zot:1    | 55030 ||| DROPPING wand of slowing.
 55151 | Zot:2    | 55151 ||| EATING 3 beef jerkies.
 55200 | Zot:2    | 55200 ||| INVOKING Brothers in Arms.
 55218 | Zot:2    | 55218 ||| Stepping ~*~*~tactically~*~*~ (cloud).
 55221 | Zot:2    | 55221 ||| Stepping ~*~*~tactically~*~*~ (cloud).
 55228 | Zot:2    | 55228 ||| Stepping ~*~*~tactically~*~*~ (cloud).
 55259 | Zot:2    | Received a gift from Trog
 55261 | Zot:2    | 55261 ||| Stepping ~*~*~tactically~*~*~ (cloud).
 55271 | Zot:2    | 55271 ||| Stepping ~*~*~tactically~*~*~ (cloud).
 55288 | Zot:2    | 55288 ||| Stepping ~*~*~tactically~*~*~ (cloud).
 55298 | Zot:2    | 55298 ||| Stepping ~*~*~tactically~*~*~ (cloud).
 55339 | Zot:2    | 55339 ||| Stepping ~*~*~tactically~*~*~ (cloud).
 55369 | Zot:2    | Noticed a shard shrike
 55387 | Zot:2    | Killed a shard shrike
 55414 | Zot:2    | Reached XP level 27. HP: 179/183 MP: 12/23
 55475 | Zot:2    | 55475 ||| EATING 2 beef jerkies.
 55814 | Zot:2    | 55814 ||| INVOKING Brothers in Arms.
 55941 | Zot:2    | 55941 ||| INVOKING Brothers in Arms.
 55947 | Zot:2    | 55947 ||| EATING beef jerky.
 55964 | Zot:2    | 55964 ||| UPGRADING to glowing cloak.
 55974 | Zot:2    | 55974 ||| UPGRADING to +3 cloak of the Valley of Death {Str+2 Int+4 Dex-4}.
 55984 | Zot:2    | 55984 ||| DROPPING +2 cloak.
 55985 | Zot:2    | 55985 ||| UPGRADING to runed cloak.
 55995 | Zot:2    | 55995 ||| UPGRADING to +3 cloak of the Valley of Death {Str+2 Int+4 Dex-4}.
 56005 | Zot:2    | 56005 ||| DROPPING +2 cloak.
 56006 | Zot:2    | 56006 ||| UPGRADING to pair of glowing boots.
 56016 | Zot:2    | 56016 ||| UPGRADING to +2 pair of boots.
 56026 | Zot:2    | 56026 ||| DROPPING +1 pair of boots.
 56053 | Zot:3    | 56053 ||| INVOKING Brothers in Arms.
 56060 | Zot:3    | 56060 ||| Stepping ~*~*~tactically~*~*~ (cloud).
 56062 | Zot:3    | 56062 ||| INVOKING Brothers in Arms.
 56063 | Zot:3    | 56063 ||| INVOKING Brothers in Arms.
 56068 | Zot:3    | 56068 ||| INVOKING Brothers in Arms.
 56075 | Zot:3    | 56075 ||| INVOKING Brothers in Arms.
 56076 | Zot:3    | 56076 ||| INVOKING Berserk.
 56143 | Zot:3    | 56143 ||| INVOKING Brothers in Arms.
 56152 | Zot:3    | 56152 ||| EATING slice of pizza.
 56178 | Zot:3    | 56178 ||| EATING 13 fruits.
 56273 | Zot:3    | 56273 ||| INVOKING Brothers in Arms.
 56274 | Zot:3    | 56274 ||| INVOKING Brothers in Arms.
 56358 | Zot:3    | 56358 ||| EATING 15 fruits.
 56390 | Zot:3    | 56390 ||| INVOKING Berserk.
 56408 | Zot:3    | 56408 ||| ZAPPING wand of teleportation (4/9).
 56411 | Zot:3    | 56411 ||| ZAPPING wand of teleportation (3/9).
 56414 | Zot:3    | 56414 ||| EATING 14 fruits.
 56495 | Zot:3    | 56495 ||| READING scroll of recharging.
 56495 | Zot:3    | 56495 ||| RECHARGING wand of teleportation (2/9).
 56559 | Zot:3    | 56559 ||| EATING 13 fruits.
 56676 | Zot:3    | 56676 ||| UPGRADING to glowing cloak.
 56686 | Zot:3    | 56686 ||| UPGRADING to +3 cloak of the Valley of Death {Str+2 Int+4 Dex-4}.
 56696 | Zot:3    | 56696 ||| DROPPING +1 cloak.
 56697 | Zot:3    | 56697 ||| UPGRADING to embroidered cloak.
 56707 | Zot:3    | 56707 ||| UPGRADING to +3 cloak of the Valley of Death {Str+2 Int+4 Dex-4}.
 56717 | Zot:3    | 56717 ||| DROPPING +1 cloak.
 56718 | Zot:3    | 56718 ||| UPGRADING to embroidered cloak.
 56728 | Zot:3    | 56728 ||| UPGRADING to +3 cloak of the Valley of Death {Str+2 Int+4 Dex-4}.
 56738 | Zot:3    | 56738 ||| DROPPING +2 cloak of invisibility.
 56799 | Zot:4    | Received a gift from Trog
 56818 | Zot:4    | 56818 ||| EATING 12 fruits.
 56912 | Zot:4    | 56912 ||| READING scroll of acquirement.
 57089 | Zot:4    | 57089 ||| INVOKING Brothers in Arms.
 57097 | Zot:4    | 57097 ||| EATING 11 fruits.
 57293 | Zot:4    | 57293 ||| EATING 10 fruits.
 57519 | Zot:4    | 57519 ||| UPGRADING to embroidered cloak.
 57529 | Zot:4    | 57529 ||| UPGRADING to +3 cloak of the Valley of Death {Str+2 Int+4 Dex-4}.
 57539 | Zot:4    | 57539 ||| DROPPING +2 cloak.
 57602 | Zot:5    | Entered Level 5 of the Realm of Zot
 57603 | Zot:5    | 57603 ||| STAIRDANCE
 57616 | Zot:4    | 57616 ||| EATING 9 fruits.
 57691 | Zot:5    | Noticed an ancient lich
 57692 | Zot:5    | 57692 ||| INVOKING Trog's Hand.
 57693 | Zot:5    | 57693 ||| INVOKING Brothers in Arms.
 57695 | Zot:5    | 57695 ||| INVOKING Berserk.
 57697 | Zot:5    | Noticed an ancient lich
 57699 | Zot:5    | Noticed an orb of fire
 57701 | Zot:5    | Killed an ancient lich
 57706 | Zot:5    | Noticed an orb of fire
 57710 | Zot:5    | Noticed an orb of fire
 57710 | Zot:5    | Gained mutation: Armour fits poorly on your strangely shaped body. [an orb of fire]
 57715 | Zot:5    | Noticed Tiamat
 57723 | Zot:5    | Gained mutation: You occasionally shout uncontrollably at your foes. [an orb of fire]
 57725 | Zot:5    | Killed an orb of fire
 57725 | Zot:5    | Gained mutation: Your body sometimes deteriorates upon taking damage. [an orb of fire]
 57727 | Zot:5    | 57727 ||| ZAPPING wand of teleportation (6/9).
 57727 | Zot:5    | Gained mutation: You are frail (-10% HP). [an orb of fire]
 57741 | Zot:5    | 57741 ||| ZAPPING wand of teleportation (5/9).
 57744 | Zot:5    | Noticed an ancient lich
 57745 | Zot:5    | 57745 ||| INVOKING Trog's Hand.
 57746 | Zot:5    | 57746 ||| INVOKING Brothers in Arms.
 57748 | Zot:5    | 57748 ||| ZAPPING wand of teleportation (4/9).
 57751 | Zot:5    | HP: 9/167 [orb of fire/fireball (95)]
 57751 | Zot:5    | Splashed by a yellow draconian monk's acid

Vault maps used:
D:1:      minmay_arrival_shattered_statue
D:2:      overflow_temple_1_default, uniq_jessica
D:3:      first_bread, minmay_cupped
D:4:      serial_shops, shop, trog_butcher_becter
D:5:      nemelex_deck, uniq_eustachio
D:6:      okawaru_trees_1, serial_shops, shop
D:7:      nicolae_ru_great_annihilating_truth, minmay_temple_entry_nine_rooms
D:8:      erik_lair_orcish_takeover, serial_shops, nicolae_shop_stone
D:9:      serial_shops, shop_statue,
          nicolae_shop_temple_entry_statues_fountains, uniq_prince_ribbit1
D:11:     orc_0_dummy, the_bakery, uniq_gastronok
D:13:     david_vaults_1, minmay_liquid_box, spider_trap
D:14:     hangedman_decor_slide_cut
D:15:     gammafunk_enter_depths_forms, serial_shops, shop, lab_entry_generic,
          hangedman_decor_riveting, statue_in_the_mist_lemuel,
          minmay_statue_bubble
Lair:1:   minivault_29, grunt_megastairs_1
Lair:2:   kb_xom_exploding_sheep
Lair:3:   minmay_shoals_entry_hut, grunt_megastairs_4
Lair:4:   nicolae_quartered_pool_little, infiniplex_staircase_pool
Lair:5:   spider_nest_entry_web_field, uniq_snorg
Lair:6:   ice2_lemuel, serial_bayou_shore_a, grunt_megastairs_5
Lair:8:   evilmike_catoblepas_cave, slime_dummy, bobbens_dragon_lair_wall
Shoals:3: nicolae_shoals_siren_and_animal_friends
Shoals:4: shoals_end_grunt_ice, shoals_ilsuiw_ice,
          nicolae_shoals_dead_sea_scrolls, uniq_ilsuiw, uniq_donald
Spider:2: uniq_arachne, uniq_aizul
Spider:3: portal_ice_cave_entry_imps
Spider:4: floodkiller_spider_rune_tomb, spiders_nest_the_unseen
Orc:1:    giant_chief_lemuel, serial_shops, nicolae_shop_behind_doors,
          basic_altar, uniq_erica
Orc:2:    st_orc_town, uniq_azrael, uniq_saint_roka
Vaults:1: hangedman_vaults_river_flow, nicolae_vaults_rhombus_6,
          vaults_mumra_lcd, ontoclasm_vaults_eye, nicolae_vaults_alarming
Vaults:2: vaults_room_fancy_cross, v_misc_9, v_misc_4, v_misc_26, v_rooms_4,
          vaults_room_semicircle, hangedman_vaults_pinch, st_quartered_hall,
          dpeg_vaults_monster_row, v_misc_24, nicolae_vaults_shelves_hall,
          nicolae_vaults_little_squares_5, vaults_dpeg_hooks,
          ontoclasm_vaults_fault, nicolae_vaults_gold_heap, vaults_dpeg_cross,
          serial_shops, nicolae_shop_stone
Vaults:3: minmay_crypt_entry_simple_sparse, v_misc_19, vaults_room_large_hall,
          nicolae_vaults_little_ls, v_misc_15, vaults_room_large_hall,
          hangedman_vaults_locks, vaults_room_guarded_vault,
          vaults_standard_mumra_x, vaults_mumra_hex,
          nicolae_vaults_yaktaur_gun_rack, serial_shops, shop
Vaults:4: kennysheep_vaults_gozag_temple, v_misc_23, v_alt_pattern_6,
          ontoclasm_vaults_idyll, vaults_mumra_minichess,
          hangedman_vaults_stream, v_misc_22, vaults_room_corners,
          hangedman_vaults_hat, v_misc_11
Depths:1: pf_vacation_house_of_asmodeus, abyss_entry, minmay_misc_feat_roman,
          evilmike_minifort
Depths:2: cheibrodos_spurs, grunt_metal_band, serial_shops, shop,
          infiniplex_staircase_door_maze
Depths:3: onia_ninara_swampy_vault, enter_ziggurat_f, minmay_hedge_maze,
          hell_entry, grunt_pan_entry_in_and_out, hex_intersection,
          infiniplex_staircase_river
Depths:4: constructs_gauntlet_mu_hangedman, abyss_entry,
          serial_hangedman_research, hangedman_research_thanatology,
          hangedman_research_quantum, hangedman_research_electronics,
          hangedman_research_toxicology, grunt_hell_entry_dis_mu,
          lemuel_statue_altar, basic_stair_grate_trap, serial_bayou_shore_b,
          infiniplex_staircase_diamond
Depths:5: lemuel_castle_with_subvaults, hex_tiny, pan_entry, pf_coc_iceberg,
          abyss_entry, nicolae_trove_entry_crossroad
Zot:2:    hangedman_zot_spectrum
Zot:3:    lemuel_firehouse
Zot:5:    grunt_ministairs_9, st_stairs_13, bh_zot_lava_cross, uniq_tiamat

Action                   |  1- 3 |  4- 6 |  7- 9 | 10-12 | 13-15 | 16-18 | 19-21 | 22-24 | 25-27 || total
-------------------------+-------+-------+-------+-------+-------+-------+-------+-------+-------++-------
Melee: Hand axe          |   109 |   201 |   238 |       |       |       |       |       |       ||   548
       Battleaxe         |       |       |   113 |   596 |   838 |     5 |       |       |  1282 ||  2834
       Broad axe         |       |       |       |       |       |  1318 |  1583 |  1575 |   253 ||  4729
Throw: Tomahawk          |       |    24 |    44 |    15 |       |       |       |       |       ||    83
       Javelin           |       |       |       |    68 |    68 |   113 |       |       |       ||   249
Invok: Berserk           |     2 |     3 |    11 |    15 |    18 |    22 |    14 |    14 |    15 ||   114
       Burn Spellbooks   |       |       |     1 |     1 |     5 |     6 |     4 |     2 |     6 ||    25
       Brothers in Arms  |       |       |       |     2 |    14 |    26 |    10 |    22 |    15 ||    89
       Trog's Hand       |       |       |       |       |       |     7 |    24 |    24 |    13 ||    68
 Abil: Fly               |       |       |       |       |     1 |       |       |       |       ||     1
Evoke: Wand              |       |       |       |       |       |       |       |     6 |    15 ||    21
  Use: Scroll            |     3 |     7 |     5 |     5 |     6 |    23 |     8 |     4 |    12 ||    73
       Potion            |     1 |     2 |     3 |     1 |     2 |     8 |     3 |     7 |       ||    27
 Stab: Paralysed         |       |       |     1 |       |       |       |       |       |       ||     1
       Petrifying        |       |       |       |       |     4 |       |       |       |       ||     4
       Petrified         |       |       |       |       |     2 |       |       |       |       ||     2
       Distracted        |       |       |       |       |       |     5 |     2 |       |     3 ||    10
  Eat: Chunk             |     2 |    10 |    18 |    23 |    47 |    50 |    45 |    30 |    20 ||   245
       Beef jerky        |       |     1 |     1 |     1 |       |       |       |       |     8 ||    11
       Royal jelly       |       |     1 |     1 |       |       |     1 |       |     6 |       ||     9
       Fruit             |       |       |     3 |       |     3 |    15 |    13 |     2 |     8 ||    44
       Bread ration      |       |       |     1 |     2 |       |       |       |       |       ||     3
       Pizza             |       |       |       |       |       |       |       |     2 |     8 ||    10
Armor: Animal skin       |    27 |    31 |       |       |       |       |       |       |       ||    58
       Chain mail        |       |    67 |    34 |       |       |       |       |       |       ||   101
       Plate armour      |       |       |   225 |   463 |   633 |   923 |   853 |  1008 |  1416 ||  5521
Dodge: Dodged            |    70 |    74 |   110 |   194 |   242 |   770 |  1095 |  1353 |  1562 ||  5470
